 Dungeon Crawl Stone Soup version 0.29.1 (webtiles) character file.

Game seed: 12281206783925469427

561274 qw the Conqueror (level 26, -1/173 HPs)
             Began as a Gargoyle Fighter on Sept 13, 2022.
             Was a High Priest of Okawaru.
             Slain by an electric golem (5 damage)
             ... on level 5 of the Realm of Zot.
             The game lasted 00:31:41 (54987 turns).

qw the Conqueror (Gargoyle Fighter)                Turns: 54987, Time: 00:31:42

Health: -1/173     AC: 83    Str: 30      XL:     26   Next: 65%
Magic:  28/28      EV: 10    Int: 11      God:    Okawaru [*****.]
Gold:   663        SH: 27    Dex:  4 (5)  Spells: 25/25 levels left

rFire   + + +      SeeInvis +   U - +7 broad axe of the Present {freeze, rElec}
rCold   + . .      Faith    .   C - +0 tower shield
rNeg    + . .      Spirit   .   R - +10 gold dragon scales
rPois   inf        Reflect  +   x - +2 hat {SInv}
rElec   +          Harm     .   q - +2 cloak
rCorr   .          Rampage  .   t - +2 pair of gloves
Will    ++++.      Rage     3%  u - +0 pair of boots of the Everdark {Contam rF+++ Will+++ Stlth+}
Stlth   .......... Rnd*Tele +   c - amulet of reflection
HPRegen 0.38/turn               H - ring of the Tortoise {AC+8}
MPRegen 0.21/turn               p - +4 ring of protection

@: about to teleport, heroic, marked, on berserk cooldown, flying, slowed, very
slow
A: sickness immunity, AC +20, big wings, negative energy resistance 1,
electricity resistance, torment resistance 1, petrification resistance,
iridescent scales 1, berserk 1, clumsy 2, frail 1, low MP 1, teleportitis 2,
devolution 2
}: 3/15 runes: barnacled, silver, gossamer
a: Renounce Religion, Heroism, Finesse, Duel


You were on level 5 of the Realm of Zot.
You worshipped Okawaru.
Okawaru was extremely pleased with you.
You visited 9 branches of the dungeon, and saw 45 of its levels.
You also visited: Gauntlet and Wizlab.

You collected 8724 gold pieces.
You spent 8061 gold pieces at shops.


Innate Abilities, Weirdness & Mutations

You are immune to sickness and miasma.
Your stone body is resilient. (AC +20)
You are immune to poison.
Your large and strong wings let you fly.
You resist negative energy. (rN+)
You are resistant to electric shocks. (rElec)
You are resistant to unholy torment.
You are immune to petrification.
You are partially covered in iridescent scales. (AC +2)
You sometimes lose your temper in combat.
You are very clumsy. (Dex -4)
You are frail. (-10% HP)
Your magical capacity is low. (-10% MP)
You are often teleported next to monsters.
You have terrible hidden genetic defects.


   Skills:
 O Level 27 Fighting
 - Level 18.0(23.0) Axes
 + Level 15.9(20.9) Throwing
 - Level 22.0(27) Armour
 - Level 8.0(13.0) Dodging
 - Level 22.0(27) Shields
 - Level 11.6 Invocations


You had 25 spell levels left.
You didn't know any spells.
Your spell library was empty.

Inventory:

Hand Weapons
 b - the +9 broad axe of Fanaticism {vorpal, *Corrode Will++}
   (Okawaru gifted it to you on level 4 of the Lair of Beasts)

   It inflicts extra damage upon your enemies.
   *Corrode:  It may corrode you when you take damage.
   Will:      It greatly increases your willpower.
 e - the +8 broad axe of the Land of Plenty {pain, rPois rC- Will+}
   (Okawaru gifted it to you on level 4 of the Lair of Beasts)

   In the hands of one skilled in necromantic magic, it inflicts extra damage on
   living creatures.
   rC:        It makes you vulnerable to cold.
   rPois:     It protects you from poison.
   Will:      It increases your willpower.
 D - the +14 obsidian axe {vorpal, Mesm Drain Fly SInv}
   (Okawaru gifted it to you on level 1 of the Depths)

   It inflicts extra damage upon your enemies.
   It occasionally summons demons to assist the wielder when it strikes in
   combat.
   Its wielder is mesmerised by any visible foes.
   It cannot be unequipped while any foes are visible.
   SInv:      It lets you see invisible.
   Fly:       It grants you flight.
   Drain:     It drains your maximum health when unequipped.
 U - the +7 broad axe of the Present (weapon) {freeze, rElec}
   (Okawaru gifted it to you on level 1 of the Depths)

   It freezes those it strikes, dealing additional cold damage.
   It can also slow down cold-blooded creatures.
   rElec:     It insulates you from electricity.
Missiles
 z - 4 boomerangs of dispersal
 B - 40 boomerangs
 F - 12 javelins (quivered)
 O - 7 silver boomerangs
Armour
 a - the +9 plate armour "Ygaklikho" {Harm Drain Regen+ SInv}
   (You acquired it on level 1 of the Dungeon)

   SInv:      It lets you see invisible.
   Regen:     It increases your rate of health regeneration.
   Drain:     It drains your maximum health when unequipped.
   Harm:      It increases damage dealt and taken.
 g - the +0 helmet of Inquiry {rF+}
   (Okawaru gifted it to you on level 5 of the Vaults)

   rF:        It protects you from fire.
 q - a +2 cloak (worn)
 t - a +2 pair of gloves (worn)
 u - the +0 pair of boots of the Everdark (worn) {Contam rF+++ Will+++ Stlth+}
   (You acquired it on level 1 of the Realm of Zot)

   rF:        It renders you almost immune to fire.
   Contam:    It causes magical contamination when unequipped.
   Will:      It greatly increases your willpower.
   Stlth:     It makes you more stealthy.
 v - a scarf of resistance
 x - a +2 hat of see invisible (worn)
 y - a +2 helmet
 A - the +1 cloak "Huem Fer" {rElec Will+ Dex-2}
   (Okawaru gifted it to you on level 15 of the Dungeon)

   Dex:       It affects your dexterity (-2).
   rElec:     It insulates you from electricity.
   Will:      It increases your willpower.
 C - a +0 tower shield (worn)
 I - the +4 dragonskin cloak
   (You took it off Tiamat on level 5 of the Realm of Zot)

   It grants the wearer a chance to resist fire, cold, poison, electricity,
   acid, and negative energy.
 K - the +1 scale mail of Good Intentions {rF++ rCorr Str-3 Slay+6}
   (Okawaru gifted it to you on level 3 of the Shoals)

   Str:       It affects your strength (-3).
   Slay:      It affects your accuracy & damage with ranged weapons and melee
   (+6).
   rF:        It greatly protects you from fire.
   rCorr:     It protects you from acid and corrosion.
 P - the +1 helmet "Axoirph" {rCorr Dex+2}
   (Okawaru gifted it to you on level 3 of the Vaults)

   Dex:       It affects your dexterity (+2).
   rCorr:     It protects you from acid and corrosion.
 R - +10 gold dragon scales (worn)
 T - the +3 pair of seven-league boots {Rampage+∞}
   (You found it on level 4 of the Shoals)

   Its wearer moves as far as possible in that direction when moving towards
   enemies.
 V - the +0 hat of Afots {Rampage rElec rC+}
   (Okawaru gifted it to you on level 2 of the Depths)

   rC:        It protects you from cold.
   rElec:     It insulates you from electricity.
   Rampage:   It bestows one free step when moving towards enemies.
Jewellery
 c - an amulet of reflection (around neck)
 i - a ring of resist corrosion
 p - a +4 ring of protection (right hand)
 E - a ring of fire
 H - the ring of the Tortoise (left hand) {AC+8}
   (You bought it in a shop on level 3 of the Depths)

   [ring of protection]

   AC:        It affects your AC (+8).
 L - the ring of Hiraiv {rCorr Dex+3}
   (You found it on level 3 of the Shoals)

   [ring of resist corrosion]

   Dex:       It affects your dexterity (+3).
   rCorr:     It protects you from acid and corrosion.
 X - a ring of protection from cold
Scrolls
 f - 24 scrolls of teleportation
 k - 17 scrolls of identify
 l - 13 scrolls of blinking
 G - 2 scrolls of brand weapon
 N - 5 scrolls of enchant weapon
Potions
 d - 11 potions of might
 h - 9 potions of resistance
 j - 27 potions of curing
 m - 7 potions of haste
 n - 4 potions of cancellation
 r - 10 potions of lignification
 s - 10 potions of mutation
 w - 4 potions of magic
 J - 7 potions of attraction

Dungeon Overview and Level Annotations

Branches:
Dungeon (15/15)            Temple (1/1) D:7            Lair (5/5) D:8
 Shoals (4/4) Lair:2       Spider (4/4) Lair:2        Slime (0/5) Lair:4
    Orc (2/2) D:10            Elf (0/3) Orc:2        Vaults (5/5) D:13
  Crypt (0/3) Vaults:3     Depths (4/4) D:15            Zot (5/5) Depths:4
 WizLab (visited)         Gauntlet (visited)

Altars:
Ashenzari
Cheibriados
Dithmenos
Elyvilon
Fedhas
Gozag
Hepliaklqana
Kikubaaqudgha
Makhleb
Nemelex Xobeh
Okawaru
Qazlal
Ru
Sif Muna
Trog
Uskayaw
Vehumet
Wu Jian
Xom
Yredelemnul
Zin
The Shining One

Shops:
D:9 (   D:10 [*   D:12 ?   D:13 ?   Orc:1 :   Orc:2 (***   Shoals:1 *
Shoals:4 *   Vaults:1 *:!?   Vaults:5 ?   Depths:3 =:=

Portals:
Hell: Depths:1 Depths:2 Depths:3 Depths:4
Abyss: D:7 Depths:2 Depths:3 Depths:4
Pandemonium: Depths:2
Ziggurat: Depths:2
Trove: D:15 (give 5 scrolls of blinking)

Annotations:
D:7 2 transporters
D:9 3 runed translucent doors, 1 transporter, qw's ghost, novice MiBe
Lair:3 2 runed translucent doors, qw's ghost, journeyman MiBe
Shoals:4 3 runed translucent doors, qw's ghost, adept MiBe
Zot:3 4 transporters
Zot:5 6 transporters


Message History

The Orb Guardian hits you but does no damage.
You block the Orb Guardian's attack. x2
You slash the Orb Guardian! You freeze the Orb Guardian.
You kill the Orb Guardian!
Okawaru accepts your kill.
You slice the Orb Guardian!! You freeze the Orb Guardian.
You slice the Orb Guardian!! You freeze the Orb Guardian!
You miss the Orb Guardian. You block the Orb Guardian's attack.
The electric golem blinks!
You block the Orb Guardian's attack. x2; The Orb Guardian hits you!!
The electric golem disappears!
You hit the Orb Guardian but do no damage.
The Orb Guardian is almost dead.
You miss the Orb Guardian. You slash the Orb Guardian!
You freeze the Orb Guardian. You slash the Orb Guardian!
You freeze the Orb Guardian. The Orb Guardian closely misses you.
You block the Orb Guardian's attack. x2
The Orb Guardian hits you. You block the Orb Guardian's attack.
You closely miss the Orb Guardian.
The Orb Guardian is almost dead.
You slash the Orb Guardian! You freeze the Orb Guardian.
You closely miss the Orb Guardian.
You hit the Orb Guardian but do no damage.
You block the Orb Guardian's attack.
The Orb Guardian hits you but does no damage.
You block the Orb Guardian's attack.
The Orb Guardian hits you but does no damage.
The electric golem blinks!
The Orb Guardian hits you but does no damage. x3
You barely miss the Orb Guardian.
The Orb Guardian is almost dead.
You slash the Orb Guardian! You freeze the Orb Guardian!
You barely miss the Orb Guardian.
You hit the Orb Guardian but do no damage.
The Orb Guardian hits you! You block the Orb Guardian's attack.
The Orb Guardian hits you but does no damage.
You block the Orb Guardian's attack.
The electric golem completely misses you.
You block the electric golem's attack. The electric golem hits you.
You die...

..X....p..X........#
!............^....##
.................##
#............^..##
##############X[..^##
###..^).......(.(.....##
#....##...............^##
.^.###.....)...XXX......#
..###..........9@X..^....#
.## #..........)^........#
.# #....................#
## #.........^....^.....#
# #....................#
## #^......)............#
.# ##..................##
.## ##................#
..# ##...^..........#


You could see an electric golem and 5 Orb Guardians.

Vanquished Creatures
  Tiamat (Zot:5)
  3 orbs of fire
  5 dread liches
  5 ancient liches
  Boris (Vaults:2)
  Parghit (Depths:4)
  2 curse toes
  6 Killer Klowns
  Xtahua (Vaults:5)
  10 golden dragons
  Jory (Vaults:4)
  Arachne (Spider:3)
  A bone dragon (Depths:4)
  An electric golem (Zot:4)
  A hellephant (Depths:4)
  17 tentacled monstrosities
  Jorgrun (D:12)
  Zenata (Vaults:2)
  A Hell Sentinel (Zot:5)
  Mlioglotl (Spider:3)
  17 Orb Guardians (Zot:5)
  6 quicksilver dragons
  Gastronok (Lair:1)
  An eldritch tentacle (Zot:5)
  6 sphinxes
  2 krakens (Shoals:3)
  An ancient champion (Vaults:3)
  8 death cobs
  10 tengu reavers
  6 titans
  15 storm dragons
  10 shadow dragons
  10 draconian monks
  Ilsuiw (Shoals:2)
  2 nagarajas (WizLab)
  5 ghost moths
  6 fire giants
  2 iron dragons (Vaults:5)
  9 draconian knights
  A deep elf sorcerer (WizLab)
  12 vault wardens
  6 draconian scorchers
  An orc warlord (Vaults:1)
  3 emperor scorpions (Spider:4)
  11 frost giants
  6 draconian shifters
  9 draconian stormcallers
  2 war gargoyles (Vaults:5)
  A broodmother (Spider:4)
  17 ironbound preservers
  4 draconian annihilators
  A juggernaut skeleton (Depths:2)
  7 green draconians
  3 demonspawn corrupters (WizLab)
  7 ironbound thunderhulks
  30 very ugly things
  14 stone giants
  A vampire knight (Depths:3)
  15 black draconians
  16 red draconians
  A deep elf demonologist (Vaults:5)
  A minotaur (Gauntlet)
  6 entropy weavers
  A spark wasp (shapeshifter) (Vaults:1)
  9 spark wasps
  2 deep elf annihilators (Vaults:5)
  13 purple draconians
  15 white draconians
  11 dire elephants
  12 yellow draconians
  6 fire dragons
  16 merfolk impalers
  18 ettins
  Snorg (Lair:3)
  A green death (WizLab)
  2 blizzard demons
  4 merfolk javelineers
  A crystal guardian (Vaults:3)
  Josephine (Lair:3)
  3 deep elf high priests (Vaults:5)
  13 yaktaur captains
  8 ice dragons
  12 great orbs of eyes
  A salamander tyrant (Depths:1)
  4 rakshasas
  9 hydras
  29 vault guards
  3 spriggan air magi
  A jorogumo (Spider:1)
  Fannar (D:11)
  17 boulder beetles
  2 ghost crabs (Spider:1)
  Erica (D:8)
  4 catoblepae
  10 ironbound frosthearts
  4 merfolk avatars (Shoals:4)
  11 centaur warriors
  2 ogre magi
  A peacekeeper (Vaults:3)
  A radroach (Spider:4)
  8 two-headed ogres
  9 death yaks (Lair:5)
  4 merfolk aquamancers (Shoals:4)
  6 deep troll earth magi
  A satyr (Shoals:4)
  2 death scarabs
  8 deep troll shamans
  9 orc high priests
  4 tengu warriors
  14 hell knights
  9 hell hogs
  A vampire mage (Vaults:3)
  A shock serpent (shapeshifter) (D:15)
  A sun demon (Depths:2)
  4 spriggan berserkers
  A storm dragon zombie (Depths:1)
  3 salamander mystics
  7 pharaoh ants
  A spriggan (Depths:1)
  Nergalle (Lair:3)
  6 iron trolls
  Amaemon (Lair:3)
  2 shadow wraiths (Vaults:5)
  13 sea snakes
  51 deep trolls
  A golden dragon zombie (Depths:2)
  3 glowing orange brains
  2 sun moths (Spider:4)
  A death drake (shapeshifter) (Vaults:5)
  4 orb spiders
  A steelbarb worm (shapeshifter) (Depths:4)
  Pikel (D:9)
  13 steelbarb worms
  29 ironbound convokers
  A harpy (shapeshifter) (Vaults:1)
  5 phantasmal warriors
  4 necromancers
  9 wizards
  25 harpies
  3 oklob plants (Lair:4)
  16 wolf spiders
  32 ugly things
  9 lindwurms
  6 orc knights
  5 deep elf pyromancers
  2 orc sorcerers
  6 fauns
  A stone giant zombie (Depths:1)
  4 cyclopes
  16 manticores
  6 worldbinders (WizLab)
  Maurice (D:11)
  7 salamanders
  26 moths of wrath
  12 merfolk sirens
  2 centaur zombies (D:11)
  A water nymph (shapeshifter) (Depths:4)
  An apocalypse crab (Shoals:3)
  16 vault sentinels
  13 elephants
  A guardian serpent (WizLab)
  A rust devil (Gauntlet)
  A smoke demon (Depths:1)
  A molten gargoyle (Lair:1)
  A black mamba (Lair:4)
  15 cane toads
  9 torpor snails
  8 water nymphs
  3 freezing wraiths
  15 demonic crawlers
  An orange demon (Lair:3)
  41 yaktaurs
  4 gargoyles
  A kobold demonologist (D:10)
  7 komodo dragons
  5 tengu conjurers
  4 rime drakes
  An ice devil (Depths:2)
  A hellwing (Depths:2)
  A queen bee (Lair:4)
  A queen bee (shapeshifter) (Vaults:5)
  11 meliai
  10 wind drakes
  4 trolls
  A meliai (shapeshifter) (D:15)
  6 polar bears
  5 tyrant leeches (Spider:1)
  A hornet (Depths:1)
  36 merfolk
  17 tarantellas
  A fire giant simulacrum (Depths:2)
  20 dream sheep
  14 blink frogs
  2 raiju (Gauntlet)
  34 slime creatures
  8 snapping turtles
  A centaur simulacrum (D:14)
  A spriggan zombie (Depths:2)
  5 shadows
  A vampire (D:12)
  2 ynoxinuls
  27 jumping spiders
  12 culicivoras
  7 water elementals
  3 unseen horror simulacra (D:10)
  6 wraiths
  6 basilisks
  6 wyverns
  3 hogs (D:13)
  A human (D:13)
  91 yaks
  Grum (D:9)
  3 neqoxecs (Depths:2)
  A steam dragon (D:8)
  12 vampire mosquitoes
  A glowing shapeshifter zombie (Depths:1)
  37 redbacks
  7 wargs
  A spectral cane toad (Gauntlet)
  2 swamp worms (Gauntlet)
  Edmund (D:5)
  13 water moccasins
  A human skeleton (Depths:1)
  30 orc warriors
  A sky beast (D:7)
  4 black bears
  4 ice beasts
  32 wolves
  9 ogres
  3 boggarts (Vaults:2)
  11 centaurs
  4 lemures (D:9)
  3 kobold brigands
  12 bullfrogs
  5 scorpions
  A necrophage (D:6)
  5 wights (D:7)
  29 killer bees
  An electric eel (Lair:4)
  7 howler monkeys
  A jelly (D:5)
  33 orc priests
  5 hounds
  3 iguanas
  2 iron imps (Gauntlet)
  A gnoll bouda (D:7)
  11 orc wizards
  2 lightning spires (Gauntlet)
  6 adders
  13 gnolls
  A white imp (D:10)
  2 ufetubi
  A worm (D:2)
  96 orcs
  4 endoplasms
  6 giant cockroaches
  14 goblins
  10 hobgoblins
  7 jackals
  6 quokkas
  5 ball pythons
  3 bats (D:3)
  A frilled lizard (D:1)
  34 kobolds
  7 rats
  A spectral kobold (D:3)
  A bush (D:8)
  A fire vortex (Lair:1)
  6 tentacles (Shoals:3)
2043 creatures vanquished.

Vanquished Creatures (others)
  2 draconian knights
  A soul eater (Depths:1)
  An orb spider (Spider:1)
  A manticore (Shoals:2)
  A polar bear (D:10)
  A bush (Lair:1)
  13 fungi
  86 plants
  4 tentacles (Shoals:3)
110 creatures vanquished.

Grand Total: 2153 creatures vanquished

Notes
Turn   | Place    | Note
-------+----------+-------------------------------------------
     0 | D:1      | qw the Gargoyle Fighter began the quest for the Orb.
     0 | D:1      | Reached XP level 1. HP: 14/14 MP: 1/1
     0 | D:1      | 0 ||| qw: Version: 0.1-a-119-g272c26d
     0 | D:1      | 0 ||| qw: Game counter: 11082
     0 | D:1      | 0 ||| qw: Always use a shield: true
     0 | D:1      | 0 ||| qw: God list: Okawaru
     0 | D:1      | 0 ||| qw: Allow faded altars: false
     0 | D:1      | 0 ||| qw: Do Orc after D:15 true
     0 | D:1      | 0 ||| qw: Do second Lair branch before Depths: true
     0 | D:1      | 0 ||| qw: Lair rune preference: random
     0 | D:1      | 0 ||| qw: Plans: Normal, Zot, God:TSO, Crypt, Tomb, Pan,
                  | Slime, Hells, Zig, Abyss, Orb
     0 | D:1      | 0 ||| PLANNING D:1-11
   546 | D:1      | 546 ||| Stepping ~*~*~tactically~*~*~ (stealth).
   548 | D:1      | 548 ||| Stepping ~*~*~tactically~*~*~ (stealth).
   553 | D:1      | Reached XP level 2. HP: 19/19 MP: 2/2
   554 | D:1      | 554 ||| Stepping ~*~*~tactically~*~*~ (stealth).
   573 | D:1      | 573 ||| Stepping ~*~*~tactically~*~*~ (stealth).
   575 | D:1      | 575 ||| Stepping ~*~*~tactically~*~*~ (stealth).
   580 | D:1      | 580 ||| Stepping ~*~*~tactically~*~*~ (stealth).
   753 | D:1      | Reached skill level 3 in Axes
   779 | D:1      | 779 ||| Stepping ~*~*~tactically~*~*~ (stealth).
   780 | D:1      | 780 ||| Stepping ~*~*~tactically~*~*~ (stealth).
   823 | D:1      | Reached XP level 3. HP: 18/23 MP: 3/3
  1093 | D:1      | Found a faded altar of an unknown god.
  1096 | D:1      | 1096 ||| Stepping ~*~*~tactically~*~*~ (stealth).
  1097 | D:1      | 1097 ||| Stepping ~*~*~tactically~*~*~ (stealth).
  1464 | D:1      | 1464 ||| UPGRADING to +0 chain mail.
  1474 | D:1      | 1474 ||| DROPPING +0 scale mail.
  1475 | D:1      | 1475 ||| READING scroll labelled NUIDYA EREDGH.
  1476 | D:1      | 1476 ||| READING scroll labelled PEIDDEX FOEVOORELE.
  1477 | D:1      | 1477 ||| READING scroll labelled BYMYRPHO ZODIN.
  1478 | D:1      | 1478 ||| READING scroll labelled MUK KUQENNAXIU.
  1478 | D:1      | Identified a scroll of acquirement
  1478 | D:1      | 1478 ||| ACQUIRING +9 plate armour "Ygaklikho" {Harm Drain
                  | Regen+ SInv}
  1478 | D:1      | Acquired the +9 plate armour "Ygaklikho" {Harm Drain Regen+
                  | SInv}
  1480 | D:1      | 1480 ||| UPGRADING to +9 plate armour "Ygaklikho" {Harm
                  | Drain Regen+ SInv}.
  1490 | D:1      | 1490 ||| DROPPING +0 chain mail.
  1491 | D:1      | 1491 ||| DRINKING 2 cyan potions.
  1575 | D:2      | 1575 ||| Stepping ~*~*~tactically~*~*~ (stealth).
  1615 | D:2      | 1615 ||| Stepping ~*~*~tactically~*~*~ (stealth).
  1638 | D:2      | 1638 ||| Stepping ~*~*~tactically~*~*~ (stealth).
  1865 | D:2      | 1865 ||| Stepping ~*~*~tactically~*~*~ (stealth).
  1866 | D:2      | 1866 ||| Stepping ~*~*~tactically~*~*~ (stealth).
  1867 | D:2      | 1867 ||| Stepping ~*~*~tactically~*~*~ (stealth).
  2087 | D:2      | 2087 ||| DROPPING +0 club.
  2165 | D:2      | 2165 ||| UPGRADING to +6 ring of strength.
  2166 | D:2      | 2166 ||| READING scroll labelled NIARIU EFIAMUO.
  2167 | D:2      | 2167 ||| READING scroll labelled RUHUCEY GUFEI.
  2168 | D:2      | 2168 ||| DRINKING 2 white potions.
  2169 | D:2      | 2169 ||| READING 2 scrolls of identify.
  2169 | D:2      | 2169 ||| IDENTIFYING metallic emerald potion
  2170 | D:2      | 2170 ||| DROPPING potion of berserk rage.
  2171 | D:2      | 2171 ||| DROPPING potion of magic.
  2251 | D:3      | Reached XP level 4. HP: 28/28 MP: 4/4
  2275 | D:3      | Found a stormy altar of Qazlal.
  2446 | D:3      | Found a hazy altar of Hepliaklqana.
  2546 | D:3      | 2546 ||| DROPPING +0 mace.
  2729 | D:3      | 2729 ||| Stepping ~*~*~tactically~*~*~ (stealth).
  2733 | D:3      | 2733 ||| Stepping ~*~*~tactically~*~*~ (stealth).
  2747 | D:3      | 2747 ||| DROPPING +0 flail.
  2770 | D:3      | 2770 ||| UPGRADING to amulet of regeneration.
  2775 | D:3      | 2775 ||| READING 4 scrolls of identify.
  2775 | D:3      | 2775 ||| IDENTIFYING red potion
  2776 | D:3      | 2776 ||| DROPPING potion of flight.
  2953 | D:4      | Reached XP level 5. HP: 32/32 MP: 5/5
  3380 | D:5      | Entered Level 5 of the Dungeon
  3394 | D:5      | Reached skill level 4 in Fighting
  3394 | D:5      | Reached XP level 6. HP: 38/38 MP: 6/6
  3408 | D:5      | 3408 ||| Stepping ~*~*~tactically~*~*~ (stealth).
  3411 | D:5      | 3411 ||| Stepping ~*~*~tactically~*~*~ (hiding).
  3422 | D:5      | Reached skill level 1 in Throwing
  3424 | D:5      | 3424 ||| Stepping ~*~*~tactically~*~*~ (stealth).
  3457 | D:5      | 3457 ||| Stepping ~*~*~tactically~*~*~ (stealth).
  3484 | D:5      | 3484 ||| Stepping ~*~*~tactically~*~*~ (stealth).
  3621 | D:5      | 3621 ||| Stepping ~*~*~tactically~*~*~ (stealth).
  3623 | D:5      | 3623 ||| Stepping ~*~*~tactically~*~*~ (hiding).
  3636 | D:5      | Reached skill level 6 in Axes
  3636 | D:5      | Reached XP level 7. HP: 29/43 MP: 7/7
  3636 | D:5      | 3636 ||| FLEEEEING.
  3637 | D:5      | 3637 ||| FLEEEEING.
  3638 | D:5      | 3638 ||| FLEEEEING.
  3639 | D:5      | 3639 ||| FLEEEEING.
  3641 | D:5      | 3641 ||| FLEEEEING.
  3799 | D:5      | 3799 ||| Stepping ~*~*~tactically~*~*~ (stealth).
  3800 | D:5      | 3800 ||| Stepping ~*~*~tactically~*~*~ (stealth).
  3807 | D:5      | Reached skill level 1 in Dodging
  3943 | D:5      | Noticed Edmund
  3949 | D:5      | Killed Edmund
  3950 | D:5      | Reached skill level 5 in Fighting
  4040 | D:5      | Reached XP level 8. HP: 49/49 MP: 8/8
  4166 | D:5      | 4166 ||| DROPPING scarf of shadows.
  4167 | D:5      | 4167 ||| READING scroll labelled ECIGUPROGIGG.
  4168 | D:5      | 4168 ||| READING scroll labelled PIRHU UWIFOS.
  4173 | D:5      | 4173 ||| READING 8 scrolls of identify.
  4173 | D:5      | 4173 ||| IDENTIFYING smoky cyan potion
  4174 | D:5      | 4174 ||| READING 7 scrolls of identify.
  4174 | D:5      | 4174 ||| IDENTIFYING emerald potion
  4480 | D:6      | 4480 ||| Stepping ~*~*~tactically~*~*~ (stealth).
  4502 | D:6      | Noticed a yak
  4507 | D:6      | Killed a yak
  4508 | D:6      | Reached skill level 6 in Fighting
  4672 | D:6      | Reached XP level 9. HP: 56/56 MP: 9/9
  4842 | D:6      | 4842 ||| UPGRADING to +0 helmet.
  4847 | D:6      | 4847 ||| READING 2 scrolls labelled SEAHAA MITEH.
  4848 | D:6      | 4848 ||| READING scroll labelled VEURHI OLEH.
  4849 | D:6      | 4849 ||| DRINKING 3 glowing cyan potions.
  4850 | D:6      | 4850 ||| READING 6 scrolls of identify.
  4850 | D:6      | 4850 ||| IDENTIFYING sedimented blue potion
  4851 | D:6      | 4851 ||| DROPPING 2 potions of degeneration.
  4852 | D:6      | 4852 ||| DROPPING scroll of magic mapping.
  4894 | D:7      | Found a transporter.
  4961 | D:7      | 4961 ||| Stepping ~*~*~tactically~*~*~ (hiding).
  5139 | D:7      | 5139 ||| Stepping ~*~*~tactically~*~*~ (stealth).
  5162 | D:7      | 5162 ||| Stepping ~*~*~tactically~*~*~ (stealth).
  5238 | D:7      | 5238 ||| Stepping ~*~*~tactically~*~*~ (stealth).
  5249 | D:7      | Reached skill level 9 in Axes
  5315 | D:7      | 5315 ||| DROPPING +1 flail of protection.
  5330 | D:7      | Found a staircase to the Ecumenical Temple.
  5331 | D:7      | 5331 ||| PLANNING TEMPLE
  5331 | D:7      | 5331 ||| DROPPING ring of flight.
  5332 | D:7      | 5332 ||| READING scroll labelled MIAGESUISO.
  5338 | Temple   | Entered the Ecumenical Temple
  5505 | Temple   | 5505 ||| PLANNING D:1-11
  5527 | Temple   | Became a worshipper of Warmaster Okawaru
  5616 | D:7      | Found an ancient bone altar of Kikubaaqudgha.
  5640 | D:7      | Reached skill level 7 in Fighting
  5646 | D:7      | Found a transporter.
  5739 | D:7      | Found a one-way gate to the infinite horrors of the Abyss.
  5900 | D:7      | Found a burning altar of Makhleb.
  6061 | D:7      | 6061 ||| READING 7 scrolls of identify.
  6061 | D:7      | 6061 ||| IDENTIFYING pink potion
  6101 | D:8      | 6101 ||| Stepping ~*~*~tactically~*~*~ (stealth).
  6104 | D:8      | 6104 ||| Stepping ~*~*~tactically~*~*~ (stealth).
  6107 | D:8      | 6107 ||| Stepping ~*~*~tactically~*~*~ (stealth).
  6146 | D:8      | 6146 ||| Stepping ~*~*~tactically~*~*~ (stealth).
  6148 | D:8      | 6148 ||| Stepping ~*~*~tactically~*~*~ (stealth).
  6152 | D:8      | Reached * piety under Okawaru
  6154 | D:8      | 6154 ||| INVOKING Heroism.
  6158 | D:8      | Reached skill level 6 in Armour
  6158 | D:8      | Reached skill level 1 in Invocations
  6160 | D:8      | Reached XP level 10. HP: 63/63 MP: 7/11
  6167 | D:8      | Reached skill level 3 in Invocations
  6174 | D:8      | 6174 ||| Stepping ~*~*~tactically~*~*~ (hiding).
  6175 | D:8      | 6175 ||| Stepping ~*~*~tactically~*~*~ (hiding).
  6181 | D:8      | 6181 ||| INVOKING Heroism.
  6186 | D:8      | 6186 ||| Stepping ~*~*~tactically~*~*~ (hiding).
  6308 | D:8      | Reached skill level 8 in Fighting
  6312 | D:8      | 6312 ||| INVOKING Heroism.
  6419 | D:8      | 6419 ||| Stepping ~*~*~tactically~*~*~ (stealth).
  6423 | D:8      | Reached ** piety under Okawaru
  6428 | D:8      | 6428 ||| Stepping ~*~*~tactically~*~*~ (stealth).
  6429 | D:8      | 6429 ||| Stepping ~*~*~tactically~*~*~ (stealth).
  6430 | D:8      | 6430 ||| Stepping ~*~*~tactically~*~*~ (hiding).
  6449 | D:8      | 6449 ||| INVOKING Heroism.
  6451 | D:8      | 6451 ||| Stepping ~*~*~tactically~*~*~ (hiding).
  6471 | D:8      | Found a staircase to the Lair.
  6476 | D:8      | 6476 ||| INVOKING Heroism.
  6588 | D:8      | 6588 ||| INVOKING Heroism.
  6593 | D:8      | 6593 ||| Stepping ~*~*~tactically~*~*~ (cloud).
  6594 | D:8      | 6594 ||| Stepping ~*~*~tactically~*~*~ (cloud).
  6596 | D:8      | Noticed Erica
  6602 | D:8      | 6602 ||| INVOKING Heroism.
  6607 | D:8      | Killed Erica
  6607 | D:8      | Reached *** piety under Okawaru
  6854 | D:8      | 6854 ||| PLANNING LAIR
  6854 | D:8      | 6854 ||| UPGRADING to +4 ring of protection.
  6855 | D:8      | 6855 ||| READING scroll labelled KOZXESI QUDE.
  6856 | D:8      | 6856 ||| READING 6 scrolls of identify.
  6856 | D:8      | 6856 ||| IDENTIFYING metallic coppery potion
  6916 | Lair:1   | Entered Level 1 of the Lair of Beasts
  6921 | Lair:1   | 6921 ||| Stepping ~*~*~tactically~*~*~ (stealth).
  6923 | Lair:1   | Noticed a molten gargoyle
  6924 | Lair:1   | Noticed a cane toad
  6924 | Lair:1   | Noticed a boulder beetle
  6925 | Lair:1   | 6925 ||| Stepping ~*~*~tactically~*~*~ (stealth).
  6926 | Lair:1   | 6926 ||| INVOKING Heroism.
  6935 | Lair:1   | Killed a cane toad
  6938 | Lair:1   | Killed a molten gargoyle
  6939 | Lair:1   | Reached skill level 9 in Fighting
  6939 | Lair:1   | Reached XP level 11. HP: 39/71 MP: 12/14
  6955 | Lair:1   | 6955 ||| INVOKING Heroism.
  6957 | Lair:1   | Killed a boulder beetle
  6957 | Lair:1   | Reached **** piety under Okawaru
  7011 | Lair:1   | 7011 ||| INVOKING Heroism.
  7053 | Lair:1   | Noticed a seven-headed hydra
  7054 | Lair:1   | 7054 ||| Stepping ~*~*~tactically~*~*~ (stealth).
  7055 | Lair:1   | 7055 ||| INVOKING Heroism.
  7066 | Lair:1   | 7066 ||| SWAPPING to +0 morningstar.
  7070 | Lair:1   | 7070 ||| SWAPPING to +0 spectral war axe.
  7075 | Lair:1   | 7075 ||| SWAPPING to +0 morningstar.
  7078 | Lair:1   | Killed a seven-headed hydra
  7078 | Lair:1   | Reached ***** piety under Okawaru
  7079 | Lair:1   | 7079 ||| SWAPPING to +0 spectral war axe.
  7089 | Lair:1   | Reached skill level 6 in Invocations
  7102 | Lair:1   | 7102 ||| INVOKING Heroism.
  7132 | Lair:1   | Noticed Gastronok
  7133 | Lair:1   | 7133 ||| INVOKING Heroism.
  7148 | Lair:1   | Killed Gastronok
  7148 | Lair:1   | Identified the +8 ring mail "Naot" {Int+3 Dex+4} (Okawaru
                  | gifted it to you on level 1 of the Lair of Beasts)
  7148 | Lair:1   | Received a gift from Okawaru
  7149 | Lair:1   | Reached skill level 12 in Axes
  7255 | Lair:1   | 7255 ||| Stepping ~*~*~tactically~*~*~ (stealth).
  7257 | Lair:1   | 7257 ||| Stepping ~*~*~tactically~*~*~ (stealth).
  7260 | Lair:1   | 7260 ||| Stepping ~*~*~tactically~*~*~ (stealth).
  7262 | Lair:1   | 7262 ||| Stepping ~*~*~tactically~*~*~ (stealth).
  7301 | Lair:1   | 7301 ||| INVOKING Heroism.
  7308 | Lair:1   | Reached XP level 12. HP: 76/76 MP: 15/17
  7403 | Lair:1   | 7403 ||| Stepping ~*~*~tactically~*~*~ (stealth).
  7659 | Lair:1   | Reached skill level 6 in Shields
  7765 | Lair:1   | 7765 ||| Stepping ~*~*~tactically~*~*~ (hiding).
  7827 | Lair:1   | 7827 ||| INVOKING Heroism.
  7847 | Lair:1   | 7847 ||| Stepping ~*~*~tactically~*~*~ (hiding).
  7999 | Lair:1   | 7999 ||| UPGRADING to +0 pair of gloves.
  8004 | Lair:1   | 8004 ||| UPGRADING to +0 kite shield.
  8014 | Lair:1   | 8014 ||| DROPPING +0 buckler.
  8015 | Lair:1   | 8015 ||| READING scroll labelled CAUSKU PAAM.
  8016 | Lair:1   | 8016 ||| READING scroll labelled ABOUMAA QEUMPA.
  8061 | Lair:2   | 8061 ||| INVOKING Heroism.
  8084 | Lair:2   | Reached skill level 9 in Invocations
  8204 | Lair:2   | 8204 ||| INVOKING Heroism.
  8329 | Lair:2   | 8329 ||| INVOKING Heroism.
  8385 | Lair:2   | Noticed a seven-headed hydra
  8386 | Lair:2   | 8386 ||| INVOKING Heroism.
  8387 | Lair:2   | 8387 ||| INVOKING Finesse.
  8389 | Lair:2   | 8389 ||| SWAPPING to +0 morningstar.
  8396 | Lair:2   | Killed a seven-headed hydra
  8397 | Lair:2   | 8397 ||| SWAPPING to +0 spectral war axe.
  8448 | Lair:2   | Found a hole to the Spider Nest.
  8450 | Lair:2   | 8450 ||| INVOKING Heroism.
  8537 | Lair:2   | Found a staircase to the Shoals.
  8702 | Lair:3   | Noticed Nergalle
  8703 | Lair:3   | 8703 ||| INVOKING Heroism.
  8712 | Lair:3   | Killed Nergalle
  8766 | Lair:3   | 8766 ||| READING scroll of enchant armour.
  8766 | Lair:3   | 8766 ||| ENCHANTING +0 pair of gloves.
  8824 | Lair:3   | Found a large runed translucent door.
  8824 | Lair:3   | Found a large runed translucent door.
  8826 | Lair:3   | Noticed qw's ghost (journeyman MiBe)
  8848 | Lair:3   | 8848 ||| Stepping ~*~*~tactically~*~*~ (stealth).
  8850 | Lair:3   | 8850 ||| Stepping ~*~*~tactically~*~*~ (stealth).
  8929 | Lair:3   | Noticed Josephine
  8931 | Lair:3   | 8931 ||| INVOKING Heroism.
  8935 | Lair:3   | Noticed Amaemon
  8941 | Lair:3   | Reached skill level 9 in Shields
  8942 | Lair:3   | Killed Josephine
  8942 | Lair:3   | Received a gift from Okawaru
  8945 | Lair:3   | Killed Amaemon
  8962 | Lair:3   | 8962 ||| DROPPING +0 morningstar.
  8974 | Lair:3   | 8974 ||| READING scroll of enchant weapon.
  8974 | Lair:3   | 8974 ||| ENCHANTING +0 spectral war axe.
  9009 | Lair:3   | Noticed Snorg
  9010 | Lair:3   | 9010 ||| INVOKING Heroism.
  9011 | Lair:3   | 9011 ||| INVOKING Finesse.
  9020 | Lair:3   | Killed Snorg
  9021 | Lair:3   | Reached XP level 13. HP: 80/80 MP: 13/20
  9344 | Lair:3   | 9344 ||| UPGRADING to amulet of reflection.
  9354 | Lair:3   | 9354 ||| DROPPING amulet of regeneration.
  9426 | Lair:4   | 9426 ||| INVOKING Heroism.
  9427 | Lair:4   | 9427 ||| SWAPPING to +1 demon whip of venom.
  9428 | Lair:4   | 9428 ||| INVOKING Finesse.
  9436 | Lair:4   | 9436 ||| SWAPPING to +1 spectral war axe.
  9489 | Lair:4   | 9489 ||| INVOKING Heroism.
  9490 | Lair:4   | 9490 ||| INVOKING Finesse.
  9510 | Lair:4   | Reached skill level 10 in Fighting
  9571 | Lair:4   | 9571 ||| Stepping ~*~*~tactically~*~*~ (stealth).
  9572 | Lair:4   | 9572 ||| Stepping ~*~*~tactically~*~*~ (stealth).
  9574 | Lair:4   | 9574 ||| INVOKING Heroism.
  9660 | Lair:4   | 9660 ||| INVOKING Heroism.
  9662 | Lair:4   | 9662 ||| INVOKING Finesse.
  9667 | Lair:4   | 9667 ||| SWAPPING to +1 demon whip of venom.
  9668 | Lair:4   | 9668 ||| Stepping ~*~*~tactically~*~*~ (outnumbered).
  9669 | Lair:4   | 9669 ||| Stepping ~*~*~tactically~*~*~ (outnumbered).
  9670 | Lair:4   | 9670 ||| Stepping ~*~*~tactically~*~*~ (outnumbered).
  9671 | Lair:4   | 9671 ||| Stepping ~*~*~tactically~*~*~ (outnumbered).
  9672 | Lair:4   | 9672 ||| Stepping ~*~*~tactically~*~*~ (outnumbered).
  9673 | Lair:4   | 9673 ||| Stepping ~*~*~tactically~*~*~ (outnumbered).
  9674 | Lair:4   | 9674 ||| Stepping ~*~*~tactically~*~*~ (outnumbered).
  9675 | Lair:4   | 9675 ||| SWAPPING to +1 spectral war axe.
  9676 | Lair:4   | 9676 ||| SWAPPING to +1 demon whip of venom.
  9677 | Lair:4   | 9677 ||| Stepping ~*~*~tactically~*~*~ (outnumbered).
  9679 | Lair:4   | 9679 ||| Stepping ~*~*~tactically~*~*~ (outnumbered).
  9680 | Lair:4   | 9680 ||| Stepping ~*~*~tactically~*~*~ (outnumbered).
  9681 | Lair:4   | 9681 ||| Stepping ~*~*~tactically~*~*~ (outnumbered).
  9682 | Lair:4   | 9682 ||| Stepping ~*~*~tactically~*~*~ (outnumbered).
  9683 | Lair:4   | 9683 ||| Stepping ~*~*~tactically~*~*~ (outnumbered).
  9684 | Lair:4   | 9684 ||| Stepping ~*~*~tactically~*~*~ (outnumbered).
  9685 | Lair:4   | 9685 ||| Stepping ~*~*~tactically~*~*~ (outnumbered).
  9686 | Lair:4   | 9686 ||| Stepping ~*~*~tactically~*~*~ (outnumbered).
  9687 | Lair:4   | 9687 ||| Stepping ~*~*~tactically~*~*~ (outnumbered).
  9688 | Lair:4   | 9688 ||| Stepping ~*~*~tactically~*~*~ (outnumbered).
  9689 | Lair:4   | 9689 ||| Stepping ~*~*~tactically~*~*~ (outnumbered).
  9693 | Lair:4   | 9693 ||| Stepping ~*~*~tactically~*~*~ (outnumbered).
  9694 | Lair:4   | 9694 ||| Stepping ~*~*~tactically~*~*~ (outnumbered).
  9695 | Lair:4   | 9695 ||| Stepping ~*~*~tactically~*~*~ (outnumbered).
  9702 | Lair:4   | 9702 ||| Stepping ~*~*~tactically~*~*~ (outnumbered).
  9707 | Lair:4   | 9707 ||| Stepping ~*~*~tactically~*~*~ (outnumbered).
  9708 | Lair:4   | 9708 ||| Stepping ~*~*~tactically~*~*~ (outnumbered).
  9709 | Lair:4   | 9709 ||| Stepping ~*~*~tactically~*~*~ (outnumbered).
  9710 | Lair:4   | 9710 ||| Stepping ~*~*~tactically~*~*~ (outnumbered).
  9711 | Lair:4   | 9711 ||| Stepping ~*~*~tactically~*~*~ (outnumbered).
  9712 | Lair:4   | 9712 ||| Stepping ~*~*~tactically~*~*~ (outnumbered).
  9726 | Lair:4   | 9726 ||| INVOKING Heroism.
  9738 | Lair:4   | 9738 ||| Stepping ~*~*~tactically~*~*~ (outnumbered).
  9769 | Lair:4   | Identified the +9 broad axe of Fanaticism {vorpal, *Corrode
                  | Will++} (Okawaru gifted it to you on level 4 of the Lair of
                  | Beasts)
  9769 | Lair:4   | Received a gift from Okawaru
  9770 | Lair:4   | 9770 ||| SWAPPING to +1 spectral war axe.
  9779 | Lair:4   | Reached skill level 9 in Armour
  9807 | Lair:4   | 9807 ||| FLEEEEING.
  9808 | Lair:4   | 9808 ||| FLEEEEING.
  9809 | Lair:4   | 9809 ||| FLEEEEING.
  9810 | Lair:4   | 9810 ||| FLEEEEING.
  9811 | Lair:4   | 9811 ||| FLEEEEING.
  9812 | Lair:4   | 9812 ||| FLEEEEING.
  9813 | Lair:4   | 9813 ||| STAIRDANCE
  9912 | Lair:4   | 9912 ||| SWAPPING to +9 broad axe of Fanaticism {vorpal,
                  | *Corrode Will++}.
  9913 | Lair:4   | 9913 ||| DROPPING +1 spectral war axe.
  9924 | Lair:4   | 9924 ||| Stepping ~*~*~tactically~*~*~ (stealth).
  9941 | Lair:4   | 9941 ||| Stepping ~*~*~tactically~*~*~ (stealth).
  9950 | Lair:4   | 9950 ||| Stepping ~*~*~tactically~*~*~ (stealth).
  9959 | Lair:4   | 9959 ||| INVOKING Heroism.
 10002 | Lair:4   | 10002 ||| INVOKING Heroism.
 10022 | Lair:4   | 10022 ||| INVOKING Finesse.
 10023 | Lair:4   | Found a staircase to the Slime Pits.
 10036 | Lair:4   | Identified the +8 broad axe of the Land of Plenty {pain,
                  | rPois rC- Will+} (Okawaru gifted it to you on level 4 of
                  | the Lair of Beasts)
 10036 | Lair:4   | Received a gift from Okawaru
 10187 | Lair:4   | 10187 ||| INVOKING Heroism.
 10268 | Lair:4   | 10268 ||| INVOKING Heroism.
 10451 | Lair:5   | Entered Level 5 of the Lair of Beasts
 10470 | Lair:5   | 10470 ||| INVOKING Heroism.
 10488 | Lair:5   | 10488 ||| INVOKING Finesse.
 10494 | Lair:5   | Reached skill level 11 in Fighting
 10539 | Lair:5   | 10539 ||| INVOKING Heroism.
 10540 | Lair:5   | 10540 ||| INVOKING Finesse.
 10544 | Lair:5   | Gained mutation: Your large and strong wings let you fly.
                  | [Gargoyle growth]
 10544 | Lair:5   | Reached XP level 14. HP: 90/90 MP: 13/21
 10558 | Lair:5   | 10558 ||| Stepping ~*~*~tactically~*~*~ (hiding).
 10562 | Lair:5   | 10562 ||| Stepping ~*~*~tactically~*~*~ (hiding).
 10565 | Lair:5   | 10565 ||| Stepping ~*~*~tactically~*~*~ (hiding).
 10569 | Lair:5   | Reached skill level 12 in Shields
 10575 | Lair:5   | Received a gift from Okawaru
 10605 | Lair:5   | 10605 ||| DROPPING +4 broad axe of distortion.
 10620 | Lair:5   | 10620 ||| INVOKING Heroism.
 10621 | Lair:5   | 10621 ||| INVOKING Finesse.
 10687 | Lair:5   | 10687 ||| INVOKING Heroism.
 10688 | Lair:5   | 10688 ||| INVOKING Finesse.
 10871 | Lair:5   | 10871 ||| Stepping ~*~*~tactically~*~*~ (stealth).
 10877 | Lair:5   | 10877 ||| INVOKING Heroism.
 10883 | Lair:5   | 10883 ||| Stepping ~*~*~tactically~*~*~ (stealth).
 10884 | Lair:5   | 10884 ||| SWAPPING to +1 demon whip of venom.
 10885 | Lair:5   | 10885 ||| INVOKING Finesse.
 10894 | Lair:5   | 10894 ||| SWAPPING to +9 broad axe of Fanaticism {vorpal,
                  | *Corrode Will++}.
 10930 | Lair:5   | 10930 ||| Stepping ~*~*~tactically~*~*~ (stealth).
 10932 | Lair:5   | 10932 ||| Stepping ~*~*~tactically~*~*~ (stealth).
 10934 | Lair:5   | 10934 ||| INVOKING Heroism.
 10964 | Lair:5   | Received a gift from Okawaru
 10966 | Lair:5   | 10966 ||| INVOKING Finesse.
 11015 | Lair:5   | 11015 ||| Stepping ~*~*~tactically~*~*~ (stealth).
 11017 | Lair:5   | 11017 ||| Stepping ~*~*~tactically~*~*~ (stealth).
 11019 | Lair:5   | 11019 ||| Stepping ~*~*~tactically~*~*~ (stealth).
 11020 | Lair:5   | 11020 ||| Stepping ~*~*~tactically~*~*~ (stealth).
 11022 | Lair:5   | 11022 ||| INVOKING Heroism.
 11034 | Lair:5   | Reached skill level 3 in Throwing
 11035 | Lair:5   | 11035 ||| Stepping ~*~*~tactically~*~*~ (stealth).
 11038 | Lair:5   | 11038 ||| Stepping ~*~*~tactically~*~*~ (stealth).
 11045 | Lair:5   | 11045 ||| Stepping ~*~*~tactically~*~*~ (stealth).
 11048 | Lair:5   | 11048 ||| INVOKING Finesse.
 11049 | Lair:5   | 11049 ||| Stepping ~*~*~tactically~*~*~ (stealth).
 11059 | Lair:5   | 11059 ||| SWAPPING to +1 demon whip of venom.
 11063 | Lair:5   | 11063 ||| Stepping ~*~*~tactically~*~*~ (outnumbered).
 11072 | Lair:5   | 11072 ||| SWAPPING to +9 broad axe of Fanaticism {vorpal,
                  | *Corrode Will++}.
 11082 | Lair:5   | Reached skill level 15 in Axes
 11176 | Lair:5   | 11176 ||| Stepping ~*~*~tactically~*~*~ (hiding).
 11177 | Lair:5   | 11177 ||| Stepping ~*~*~tactically~*~*~ (hiding).
 11194 | Lair:5   | 11194 ||| INVOKING Heroism.
 11198 | Lair:5   | Received a gift from Okawaru
 11268 | Lair:5   | 11268 ||| INVOKING Heroism.
 11274 | Lair:5   | Reached skill level 12 in Fighting
 11276 | Lair:5   | Reached skill level 3 in Dodging
 11301 | Lair:5   | 11301 ||| INVOKING Finesse.
 11303 | Lair:5   | 11303 ||| SWAPPING to +1 demon whip of venom.
 11311 | Lair:5   | 11311 ||| SWAPPING to +9 broad axe of Fanaticism {vorpal,
                  | *Corrode Will++}.
 11317 | Lair:5   | 11317 ||| INVOKING Heroism.
 11426 | Lair:5   | 11426 ||| Stepping ~*~*~tactically~*~*~ (stealth).
 11428 | Lair:5   | 11428 ||| INVOKING Heroism.
 11433 | Lair:5   | 11433 ||| SWAPPING to +1 demon whip of venom.
 11434 | Lair:5   | 11434 ||| INVOKING Finesse.
 11445 | Lair:5   | 11445 ||| SWAPPING to +9 broad axe of Fanaticism {vorpal,
                  | *Corrode Will++}.
 11526 | Lair:5   | 11526 ||| INVOKING Heroism.
 11531 | Lair:5   | 11531 ||| INVOKING Finesse.
 11537 | Lair:5   | 11537 ||| SWAPPING to +1 demon whip of venom.
 11546 | Lair:5   | Reached XP level 15. HP: 96/96 MP: 16/22
 11546 | Lair:5   | 11546 ||| SWAPPING to +9 broad axe of Fanaticism {vorpal,
                  | *Corrode Will++}.
 11847 | Lair:5   | 11847 ||| PLANNING D:1-11
 11847 | Lair:5   | 11847 ||| UPGRADING to +0 cloak.
 11852 | Lair:5   | 11852 ||| READING 5 scrolls of identify.
 11852 | Lair:5   | 11852 ||| IDENTIFYING glowing coppery potion
 11853 | Lair:5   | 11853 ||| DROPPING potion of invisibility.
 12007 | D:9      | Noticed Grum
 12008 | D:9      | 12008 ||| Stepping ~*~*~tactically~*~*~ (stealth).
 12009 | D:9      | Found Tuaralei's Antique Weapon Emporium.
 12010 | D:9      | 12010 ||| Stepping ~*~*~tactically~*~*~ (stealth).
 12021 | D:9      | Killed Grum
 12150 | D:9      | 12150 ||| INVOKING Heroism.
 12287 | D:9      | Found a runed translucent gate.
 12287 | D:9      | Found a runed translucent gate.
 12287 | D:9      | Found a runed translucent gate.
 12288 | D:9      | Noticed qw's ghost (novice MiBe)
 12375 | D:9      | 12375 ||| Stepping ~*~*~tactically~*~*~ (hiding).
 12407 | D:9      | 12407 ||| Stepping ~*~*~tactically~*~*~ (stealth).
 12503 | D:9      | Found a transporter.
 12543 | D:9      | Noticed Pikel
 12544 | D:9      | 12544 ||| Stepping ~*~*~tactically~*~*~ (stealth).
 12546 | D:9      | 12546 ||| Stepping ~*~*~tactically~*~*~ (stealth).
 12571 | D:9      | 12571 ||| Stepping ~*~*~tactically~*~*~ (stealth).
 12577 | D:9      | Killed Pikel
 12872 | D:9      | 12872 ||| DROPPING amulet of guardian spirit.
 12913 | D:10     | Entered Level 10 of the Dungeon
 13022 | D:10     | 13022 ||| Stepping ~*~*~tactically~*~*~ (stealth).
 13024 | D:10     | 13024 ||| Stepping ~*~*~tactically~*~*~ (hiding).
 13030 | D:10     | Found a staircase to the Orcish Mines.
 13031 | D:10     | 13031 ||| INVOKING Heroism.
 13044 | D:10     | 13044 ||| Stepping ~*~*~tactically~*~*~ (stealth).
 13101 | D:10     | 13101 ||| DROPPING +0 war axe of venom.
 13109 | D:10     | 13109 ||| INVOKING Heroism.
 13200 | D:10     | Found Xabattia's General Store.
 13208 | D:10     | 13208 ||| BUYING potion of curing (36 gold).
 13208 | D:10     | Bought a potion of curing for 36 gold pieces
 13237 | D:10     | Found Boepny's Antique Armour Boutique.
 13245 | D:10     | 13245 ||| BUYING glowing scarf (248 gold).
 13245 | D:10     | Bought a glowing scarf for 248 gold pieces
 13245 | D:10     | 13245 ||| BUYING runed chain mail (232 gold).
 13245 | D:10     | Bought a runed chain mail for 232 gold pieces
 13516 | D:10     | 13516 ||| Stepping ~*~*~tactically~*~*~ (stealth).
 13517 | D:10     | 13517 ||| Stepping ~*~*~tactically~*~*~ (stealth).
 13584 | D:10     | Found a hide-covered altar of Uskayaw.
 13611 | D:10     | 13611 ||| DROPPING scarf of harm.
 13612 | D:10     | 13612 ||| DROPPING +2 chain mail of poison resistance.
 13647 | D:11     | 13647 ||| Stepping ~*~*~tactically~*~*~ (hiding).
 13753 | D:11     | Found a frozen archway.
 13787 | D:11     | 13787 ||| INVOKING Heroism.
 14009 | D:11     | Noticed Fannar
 14011 | D:11     | Killed Fannar
 14229 | D:11     | Found a basalt altar of Yredelemnul.
 14417 | D:11     | Noticed Maurice
 14426 | D:11     | Killed Maurice
 14502 | D:11     | 14502 ||| PLANNING D
 14502 | D:11     | 14502 ||| UPGRADING to +1 cloak.
 14512 | D:11     | 14512 ||| DROPPING +0 cloak.
 14568 | D:12     | Found Coher's Magic Scroll Boutique.
 14582 | D:12     | 14582 ||| INVOKING Heroism.
 14592 | D:12     | 14592 ||| Stepping ~*~*~tactically~*~*~ (stealth).
 14603 | D:12     | 14603 ||| BUYING scroll of blinking (112 gold).
 14603 | D:12     | Bought a scroll of blinking for 112 gold pieces
 14603 | D:12     | 14603 ||| BUYING scroll of identify (30 gold).
 14603 | D:12     | Bought a scroll of identify for 30 gold pieces
 14603 | D:12     | 14603 ||| BUYING scroll of identify (30 gold).
 14603 | D:12     | Bought a scroll of identify for 30 gold pieces
 14603 | D:12     | 14603 ||| BUYING scroll of identify (30 gold).
 14603 | D:12     | Bought a scroll of identify for 30 gold pieces
 14603 | D:12     | 14603 ||| BUYING scroll of teleportation (45 gold).
 14603 | D:12     | Bought a scroll of teleportation for 45 gold pieces
 14603 | D:12     | 14603 ||| BUYING scroll of teleportation (45 gold).
 14603 | D:12     | Bought a scroll of teleportation for 45 gold pieces
 14603 | D:12     | 14603 ||| BUYING scroll of teleportation (45 gold).
 14603 | D:12     | Bought a scroll of teleportation for 45 gold pieces
 14629 | D:12     | 14629 ||| Stepping ~*~*~tactically~*~*~ (hiding).
 14704 | D:12     | 14704 ||| INVOKING Heroism.
 14767 | D:12     | 14767 ||| Stepping ~*~*~tactically~*~*~ (stealth).
 14768 | D:12     | 14768 ||| Stepping ~*~*~tactically~*~*~ (stealth).
 14778 | D:12     | Noticed Jorgrun
 14782 | D:12     | 14782 ||| INVOKING Heroism.
 14783 | D:12     | 14783 ||| INVOKING Finesse.
 14791 | D:12     | Killed Jorgrun
 15080 | D:12     | 15080 ||| DROPPING scarf of harm.
 15081 | D:12     | 15081 ||| DROPPING ring of wizardry.
 15082 | D:12     | 15082 ||| READING scroll labelled ACHARGHI XUULUM.
 15083 | D:12     | 15083 ||| READING scroll labelled TAT HEPROET.
 15205 | D:13     | Received a gift from Okawaru
 15281 | D:13     | 15281 ||| Stepping ~*~*~tactically~*~*~ (stealth).
 15288 | D:13     | 15288 ||| Stepping ~*~*~tactically~*~*~ (hiding).
 15291 | D:13     | 15291 ||| Stepping ~*~*~tactically~*~*~ (hiding).
 15306 | D:13     | 15306 ||| Stepping ~*~*~tactically~*~*~ (hiding).
 15307 | D:13     | 15307 ||| Stepping ~*~*~tactically~*~*~ (hiding).
 15308 | D:13     | 15308 ||| Stepping ~*~*~tactically~*~*~ (hiding).
 15602 | D:13     | 15602 ||| FLEEEEING.
 15603 | D:13     | 15603 ||| FLEEEEING.
 15627 | D:13     | Found a gate to the Vaults.
 15731 | D:13     | 15731 ||| Stepping ~*~*~tactically~*~*~ (hiding).
 15733 | D:13     | 15733 ||| Stepping ~*~*~tactically~*~*~ (hiding).
 15735 | D:13     | 15735 ||| Stepping ~*~*~tactically~*~*~ (hiding).
 15737 | D:13     | 15737 ||| Stepping ~*~*~tactically~*~*~ (hiding).
 15869 | D:13     | Found Wueloepp's Magic Scroll Shop.
 15878 | D:13     | 15878 ||| BUYING scroll of blinking (82 gold).
 15878 | D:13     | Bought a scroll of blinking for 82 gold pieces
 15878 | D:13     | 15878 ||| BUYING scroll of blinking (82 gold).
 15878 | D:13     | Bought a scroll of blinking for 82 gold pieces
 15878 | D:13     | 15878 ||| BUYING scroll of blinking (82 gold).
 15878 | D:13     | Bought a scroll of blinking for 82 gold pieces
 15878 | D:13     | 15878 ||| BUYING scroll of teleportation (33 gold).
 15878 | D:13     | Bought a scroll of teleportation for 33 gold pieces
 15950 | D:13     | 15950 ||| INVOKING Heroism.
 16012 | D:13     | 16012 ||| Stepping ~*~*~tactically~*~*~ (stealth).
 16013 | D:13     | 16013 ||| INVOKING Heroism.
 16024 | D:13     | 16024 ||| Stepping ~*~*~tactically~*~*~ (stealth).
 16075 | D:13     | 16075 ||| READING 14 scrolls of identify.
 16075 | D:13     | 16075 ||| IDENTIFYING orange potion
 16076 | D:13     | 16076 ||| DROPPING potion of brilliance.
 16194 | D:14     | 16194 ||| Stepping ~*~*~tactically~*~*~ (stealth).
 16199 | D:14     | 16199 ||| INVOKING Heroism.
 16283 | D:14     | 16283 ||| Stepping ~*~*~tactically~*~*~ (hiding).
 16292 | D:14     | Received a gift from Okawaru
 16297 | D:14     | 16297 ||| DROPPING +0 war axe of freezing.
 16463 | D:14     | 16463 ||| INVOKING Heroism.
 16498 | D:14     | 16498 ||| Stepping ~*~*~tactically~*~*~ (stealth).
 16520 | D:14     | 16520 ||| INVOKING Heroism.
 16599 | D:14     | 16599 ||| Stepping ~*~*~tactically~*~*~ (hiding).
 16600 | D:14     | 16600 ||| Stepping ~*~*~tactically~*~*~ (hiding).
 16636 | D:14     | 16636 ||| INVOKING Heroism.
 16643 | D:14     | Reached skill level 13 in Fighting
 16780 | D:14     | 16780 ||| READING scroll labelled ESEOGOBU TEICA.
 16788 | D:15     | Entered Level 15 of the Dungeon
 16865 | D:15     | Reached XP level 16. HP: 79/104 MP: 23/23
 16948 | D:15     | 16948 ||| INVOKING Heroism.
 16959 | D:15     | Identified the +1 cloak "Huem Fer" {rElec Will+ Dex-2}
                  | (Okawaru gifted it to you on level 15 of the Dungeon)
 16959 | D:15     | Received a gift from Okawaru
 16969 | D:15     | Reached skill level 12 in Armour
 17095 | D:15     | 17095 ||| Stepping ~*~*~tactically~*~*~ (hiding).
 17096 | D:15     | 17096 ||| Stepping ~*~*~tactically~*~*~ (hiding).
 17098 | D:15     | 17098 ||| INVOKING Heroism.
 17244 | D:15     | Found a portal to a secret trove of treasure.
 17441 | D:15     | 17441 ||| Stepping ~*~*~tactically~*~*~ (stealth).
 17531 | D:15     | 17531 ||| INVOKING Heroism.
 17606 | D:15     | 17606 ||| INVOKING Heroism.
 17637 | D:15     | 17637 ||| READING 17 scrolls of teleportation.
 17687 | D:15     | 17687 ||| Stepping ~*~*~tactically~*~*~ (hiding).
 17698 | D:15     | 17698 ||| INVOKING Heroism.
 17716 | D:15     | Found a staircase to the Depths.
 17722 | D:15     | 17722 ||| PLANNING ORC
 17722 | D:15     | 17722 ||| UPGRADING to +1 cloak "Huem Fer" {rElec Will+
                  | Dex-2}.
 17831 | Orc:1    | Entered Level 1 of the Orcish Mines
 17832 | Orc:1    | 17832 ||| INVOKING Heroism.
 17976 | Orc:2    | Entered Level 2 of the Orcish Mines
 17977 | Orc:2    | 17977 ||| PLANNING GAUNTLET
 18014 | Orc:2    | 18014 ||| INVOKING Heroism.
 18122 | Orc:2    | 18122 ||| Stepping ~*~*~tactically~*~*~ (hiding).
 18128 | Orc:2    | 18128 ||| INVOKING Heroism.
 18139 | Orc:2    | 18139 ||| Stepping ~*~*~tactically~*~*~ (hiding).
 18245 | Orc:2    | 18245 ||| Stepping ~*~*~tactically~*~*~ (stealth).
 18246 | Orc:2    | 18246 ||| Stepping ~*~*~tactically~*~*~ (stealth).
 18248 | Orc:2    | 18248 ||| Stepping ~*~*~tactically~*~*~ (stealth).
 18248 | Orc:2    | Found a staircase to the Elven Halls.
 18249 | Orc:2    | 18249 ||| Stepping ~*~*~tactically~*~*~ (stealth).
 18269 | Orc:2    | Reached skill level 18 in Axes
 18281 | Orc:2    | 18281 ||| INVOKING Heroism.
 18283 | Orc:2    | 18283 ||| INVOKING Finesse.
 18287 | Orc:2    | Found a gate leading to a gauntlet.
 18345 | Gauntlet | Entered a Gauntlet
 18345 | Gauntlet | Found a transporter.
 18353 | Gauntlet | Found a transporter.
 18358 | Gauntlet | Found a transporter.
 18362 | Gauntlet | Found a runed translucent door.
 18364 | Gauntlet | Found a runed translucent door.
 18366 | Gauntlet | Found a transporter.
 18370 | Gauntlet | Found a transporter.
 18378 | Gauntlet | Found a transporter.
 18382 | Gauntlet | Found a transporter.
 18386 | Gauntlet | Found a runed translucent door.
 18387 | Gauntlet | Found a runed translucent door.
 18390 | Gauntlet | Found a transporter.
 18394 | Gauntlet | Found a transporter.
 18402 | Gauntlet | Found a transporter.
 18432 | Gauntlet | Found a transporter.
 18444 | Gauntlet | Found a transporter.
 18457 | Gauntlet | Found a transporter.
 18470 | Gauntlet | Found a transporter.
 18500 | Gauntlet | 18500 ||| Stepping randomly (stuck).
 18501 | Gauntlet | 18501 ||| Stepping randomly (stuck).
 18502 | Gauntlet | 18502 ||| Stepping randomly (stuck).
 18503 | Gauntlet | 18503 ||| Stepping randomly (stuck).
 18504 | Gauntlet | 18504 ||| Stepping randomly (stuck).
 18505 | Gauntlet | 18505 ||| Stepping randomly (stuck).
 18506 | Gauntlet | 18506 ||| Stepping randomly (stuck).
 18508 | Gauntlet | 18508 ||| Stepping randomly (stuck).
 18509 | Gauntlet | 18509 ||| Stepping randomly (stuck).
 18510 | Gauntlet | 18510 ||| Stepping randomly (stuck).
 18511 | Gauntlet | 18511 ||| Stepping randomly (stuck).
 18512 | Gauntlet | 18512 ||| Stepping randomly (stuck).
 18514 | Gauntlet | 18514 ||| INVOKING Heroism.
 18528 | Gauntlet | 18528 ||| READING scroll of acquirement.
 18528 | Gauntlet | 18528 ||| ACQUIRING 805 gold pieces
 18528 | Gauntlet | Acquired 805 gold pieces
 18544 | Gauntlet | 18544 ||| Stepping randomly (stuck).
 18545 | Gauntlet | 18545 ||| Stepping randomly (stuck).
 18566 | Gauntlet | 18566 ||| Stepping randomly (stuck).
 18568 | Gauntlet | 18568 ||| Stepping randomly (stuck).
 18609 | Gauntlet | 18609 ||| Stepping randomly (cloudy).
 18611 | Gauntlet | 18611 ||| INVOKING Heroism.
 18674 | Gauntlet | 18674 ||| UPGRADING to +2 pair of boots of flying.
 18693 | Gauntlet | 18693 ||| INVOKING Heroism.
 18698 | Gauntlet | Identified the +1 robe of the Floral God {-Cast Harm Str+6}
                  | (Okawaru gifted it to you in a Gauntlet)
 18698 | Gauntlet | Received a gift from Okawaru
 18755 | Gauntlet | 18755 ||| DROPPING scarf of invisibility.
 18765 | Orc:2    | 18765 ||| PLANNING ORC
 18867 | Orc:2    | Found Namet's Assorted Antiques.
 18868 | Orc:2    | 18868 ||| INVOKING Heroism.
 18921 | Orc:2    | 18921 ||| BUYING potion of curing (117 gold).
 18921 | Orc:2    | Bought a potion of curing for 117 gold pieces
 18921 | Orc:2    | 18921 ||| BUYING scroll of brand weapon (370 gold).
 18921 | Orc:2    | Bought a scroll of brand weapon for 370 gold pieces
 18921 | Orc:2    | 18921 ||| BUYING shiny plate armour (1014 gold).
 18921 | Orc:2    | Bought a shiny plate armour for 1014 gold pieces
 18944 | Orc:2    | Found Kaasiot's General Store.
 18945 | Orc:2    | 18945 ||| INVOKING Heroism.
 18999 | Orc:2    | 18999 ||| BUYING +3 chain mail of fire resistance (371
                  | gold).
 18999 | Orc:2    | Bought a +3 chain mail of fire resistance for 371 gold
                  | pieces
 18999 | Orc:2    | 18999 ||| BUYING potion of attraction (42 gold).
 18999 | Orc:2    | Bought a potion of attraction for 42 gold pieces
 18999 | Orc:2    | 18999 ||| BUYING scroll of teleportation (42 gold).
 18999 | Orc:2    | Bought a scroll of teleportation for 42 gold pieces
 19025 | Orc:2    | Found Nashamal's General Store.
 19026 | Orc:2    | 19026 ||| INVOKING Heroism.
 19035 | Orc:2    | Found Xosekev's Weapon Boutique.
 19117 | Orc:2    | 19117 ||| SHOPLISTING scroll of blinking (112 gold, have
                  | 94).
 19196 | Orc:2    | 19196 ||| DROPPING +2 plate armour of poison resistance.
 19220 | Orc:1    | 19220 ||| INVOKING Heroism.
 19504 | Orc:1    | 19504 ||| INVOKING Heroism.
 19511 | Orc:1    | 19511 ||| INVOKING Finesse.
 19573 | Orc:1    | Found Ysonk's Self-Improvement Boutique.
 19648 | Orc:1    | 19648 ||| PLANNING SPIDER:1-3
 19803 | Spider:1 | Entered Level 1 of the Spider Nest
 19804 | Spider:1 | 19804 ||| INVOKING Heroism.
 19805 | Spider:1 | 19805 ||| INVOKING Finesse.
 19842 | Spider:1 | 19842 ||| Stepping ~*~*~tactically~*~*~ (stealth).
 19875 | Spider:1 | 19875 ||| Stepping ~*~*~tactically~*~*~ (stealth).
 19877 | Spider:1 | 19877 ||| Stepping ~*~*~tactically~*~*~ (stealth).
 19936 | Spider:1 | 19936 ||| INVOKING Finesse.
 19981 | Spider:1 | 19981 ||| Stepping ~*~*~tactically~*~*~ (stealth).
 19992 | Spider:1 | Reached XP level 17. HP: 110/110 MP: 24/24
 20030 | Spider:1 | 20030 ||| Stepping ~*~*~tactically~*~*~ (hiding).
 20031 | Spider:1 | 20031 ||| INVOKING Finesse.
 20039 | Spider:1 | 20039 ||| INVOKING Heroism.
 20060 | Spider:1 | Reached skill level 14 in Fighting
 20070 | Spider:1 | 20070 ||| Stepping ~*~*~tactically~*~*~ (stealth).
 20094 | Spider:1 | 20094 ||| Stepping ~*~*~tactically~*~*~ (stealth).
 20098 | Spider:1 | 20098 ||| Stepping ~*~*~tactically~*~*~ (stealth).
 20099 | Spider:1 | 20099 ||| Stepping ~*~*~tactically~*~*~ (stealth).
 20100 | Spider:1 | 20100 ||| Stepping ~*~*~tactically~*~*~ (stealth).
 20260 | Spider:1 | 20260 ||| INVOKING Heroism.
 20271 | Spider:1 | 20271 ||| DRINKING 20 potions of curing.
 20271 | Spider:1 | 20271 ||| (to cure confusion)
 20274 | Spider:1 | Reached skill level 6 in Throwing
 20394 | Spider:1 | 20394 ||| Stepping ~*~*~tactically~*~*~ (hiding).
 20395 | Spider:1 | 20395 ||| Stepping ~*~*~tactically~*~*~ (hiding).
 20397 | Spider:1 | 20397 ||| INVOKING Heroism.
 20559 | Spider:1 | 20559 ||| INVOKING Heroism.
 20620 | Spider:1 | 20620 ||| Stepping ~*~*~tactically~*~*~ (stealth).
 20623 | Spider:1 | 20623 ||| INVOKING Heroism.
 20630 | Spider:1 | 20630 ||| Stepping ~*~*~tactically~*~*~ (hiding).
 20648 | Spider:1 | 20648 ||| SWAPPING to +1 demon whip of venom.
 20649 | Spider:1 | 20649 ||| SWAPPING to +9 broad axe of Fanaticism {vorpal,
                  | *Corrode Will++}.
 20654 | Spider:1 | 20654 ||| Stepping ~*~*~tactically~*~*~ (cloud).
 20659 | Spider:1 | 20659 ||| Stepping ~*~*~tactically~*~*~ (stealth).
 20680 | Spider:1 | 20680 ||| Stepping ~*~*~tactically~*~*~ (stealth).
 20690 | Spider:1 | 20690 ||| Stepping ~*~*~tactically~*~*~ (stealth).
 20692 | Spider:1 | 20692 ||| Stepping ~*~*~tactically~*~*~ (stealth).
 20695 | Spider:1 | Received a gift from Okawaru
 20717 | Spider:1 | 20717 ||| Stepping ~*~*~tactically~*~*~ (cloud).
 20924 | Spider:1 | 20924 ||| DRINKING 2 dark potions.
 20959 | Spider:2 | 20959 ||| Stepping ~*~*~tactically~*~*~ (stealth).
 21020 | Spider:2 | 21020 ||| Stepping ~*~*~tactically~*~*~ (hiding).
 21218 | Spider:2 | 21218 ||| INVOKING Finesse.
 21226 | Spider:2 | 21226 ||| Stepping ~*~*~tactically~*~*~ (stealth).
 21227 | Spider:2 | 21227 ||| Stepping ~*~*~tactically~*~*~ (stealth).
 21378 | Spider:2 | 21378 ||| Stepping ~*~*~tactically~*~*~ (hiding).
 21762 | Spider:2 | 21762 ||| Stepping ~*~*~tactically~*~*~ (hiding).
 21770 | Spider:2 | 21770 ||| INVOKING Heroism.
 21836 | Spider:2 | 21836 ||| Stepping ~*~*~tactically~*~*~ (hiding).
 21837 | Spider:2 | 21837 ||| INVOKING Finesse.
 21840 | Spider:2 | 21840 ||| READING 19 scrolls of teleportation.
 21903 | Spider:2 | 21903 ||| Stepping ~*~*~tactically~*~*~ (stealth).
 21905 | Spider:2 | 21905 ||| Stepping ~*~*~tactically~*~*~ (hiding).
 21907 | Spider:2 | 21907 ||| INVOKING Finesse.
 22025 | Spider:2 | 22025 ||| Stepping ~*~*~tactically~*~*~ (stealth).
 22027 | Spider:2 | 22027 ||| Stepping ~*~*~tactically~*~*~ (stealth).
 22059 | Spider:2 | 22059 ||| Stepping ~*~*~tactically~*~*~ (stealth).
 22079 | Spider:2 | 22079 ||| Stepping ~*~*~tactically~*~*~ (stealth).
 22381 | Spider:3 | 22381 ||| Stepping ~*~*~tactically~*~*~ (hiding).
 22390 | Spider:3 | 22390 ||| INVOKING Heroism.
 22480 | Spider:3 | Identified the +1 falchion "Pechar" {flame, *Rage Int+5}
 22516 | Spider:3 | 22516 ||| INVOKING Finesse.
 22784 | Spider:3 | Noticed Mlioglotl
 22785 | Spider:3 | 22785 ||| INVOKING Heroism.
 22786 | Spider:3 | 22786 ||| INVOKING Finesse.
 22797 | Spider:3 | Killed Mlioglotl
 22798 | Spider:3 | Reached skill level 15 in Fighting
 22836 | Spider:3 | Noticed Arachne
 22847 | Spider:3 | Killed Arachne
 22976 | Spider:3 | 22976 ||| INVOKING Heroism.
 23371 | Spider:3 | 23371 ||| PLANNING SHOALS:1-3
 23371 | Spider:3 | 23371 ||| DROPPING amulet of faith.
 23469 | Shoals:1 | Entered Level 1 of the Shoals
 23520 | Shoals:1 | 23520 ||| INVOKING Heroism.
 23559 | Shoals:1 | 23559 ||| INVOKING Heroism.
 23668 | Shoals:1 | Found Wacvul Ogos's General Store.
 23680 | Shoals:1 | 23680 ||| BUYING +6 plate armour of ponderousness (510
                  | gold).
 23680 | Shoals:1 | Bought a +6 plate armour of ponderousness for 510 gold
                  | pieces
 23680 | Shoals:1 | 23680 ||| SHOPLISTING 2 potions of resistance (340 gold,
                  | have 40).
 23680 | Shoals:1 | 23680 ||| SHOPLISTING potion of mutation (136 gold, have
                  | 40).
 23889 | Shoals:1 | 23889 ||| READING scroll of enchant armour.
 23889 | Shoals:1 | 23889 ||| ENCHANTING +1 pair of gloves.
 23919 | Shoals:1 | 23919 ||| Stepping ~*~*~tactically~*~*~ (hiding).
 23920 | Shoals:1 | 23920 ||| Stepping ~*~*~tactically~*~*~ (hiding).
 24154 | Shoals:2 | 24154 ||| Stepping ~*~*~tactically~*~*~ (hiding).
 24155 | Shoals:2 | 24155 ||| INVOKING Heroism.
 24161 | Shoals:2 | Received a gift from Okawaru
 24364 | Shoals:2 | 24364 ||| INVOKING Heroism.
 24406 | Shoals:2 | 24406 ||| INVOKING Heroism.
 24548 | Shoals:2 | Reached XP level 18. HP: 119/119 MP: 25/25
 24548 | Shoals:2 | 24548 ||| DROPPING +1 demon whip of venom.
 24747 | Shoals:2 | 24747 ||| INVOKING Heroism.
 24780 | Shoals:2 | 24780 ||| Stepping ~*~*~tactically~*~*~ (hiding).
 24796 | Shoals:2 | 24796 ||| Stepping ~*~*~tactically~*~*~ (stealth).
 24797 | Shoals:2 | Noticed Ilsuiw
 24798 | Shoals:2 | 24798 ||| INVOKING Heroism.
 24799 | Shoals:2 | 24799 ||| INVOKING Finesse.
 24819 | Shoals:2 | Killed Ilsuiw
 24827 | Shoals:2 | Received a gift from Okawaru
 24994 | Shoals:3 | 24994 ||| STAIRDANCE
 24995 | Shoals:3 | 24995 ||| INVOKING Heroism.
 24999 | Shoals:3 | 24999 ||| STAIRDANCE
 25068 | Shoals:3 | 25068 ||| READING scroll of enchant armour.
 25068 | Shoals:3 | 25068 ||| ENCHANTING +0 helmet.
 25178 | Shoals:3 | 25178 ||| INVOKING Heroism.
 25179 | Shoals:3 | 25179 ||| INVOKING Finesse.
 25189 | Shoals:3 | Reached skill level 15 in Armour
 25233 | Shoals:3 | 25233 ||| INVOKING Heroism.
 25324 | Shoals:3 | 25324 ||| INVOKING Heroism.
 25362 | Shoals:3 | 25362 ||| DRINKING 21 potions of curing.
 25362 | Shoals:3 | 25362 ||| (to cure confusion)
 25382 | Shoals:3 | 25382 ||| FLEEEEING.
 25417 | Shoals:3 | 25417 ||| INVOKING Heroism.
 25418 | Shoals:3 | Noticed a tentacled monstrosity
 25419 | Shoals:3 | 25419 ||| INVOKING Finesse.
 25426 | Shoals:3 | Killed a tentacled monstrosity
 25426 | Shoals:3 | Identified the +1 scale mail of Good Intentions {rF++ rCorr
                  | Str-3 Slay+6} (Okawaru gifted it to you on level 3 of the
                  | Shoals)
 25426 | Shoals:3 | Received a gift from Okawaru
 25427 | Shoals:3 | Reached skill level 9 in Throwing
 25463 | Shoals:3 | Identified the ring of Hiraiv {rCorr Dex+3}
 25622 | Shoals:3 | 25622 ||| INVOKING Heroism.
 25675 | Shoals:3 | 25675 ||| Stepping ~*~*~tactically~*~*~ (hiding).
 25763 | Shoals:3 | 25763 ||| INVOKING Heroism.
 25768 | Shoals:3 | Reached skill level 15 in Shields
 25879 | Shoals:3 | 25879 ||| INVOKING Heroism.
 26089 | Shoals:3 | 26089 ||| PLANNING SPIDER:4
 26276 | Spider:4 | Entered Level 4 of the Spider Nest
 26501 | Spider:4 | 26501 ||| INVOKING Finesse.
 26560 | Spider:4 | 26560 ||| FLEEEEING.
 26564 | Spider:4 | 26564 ||| Stepping ~*~*~tactically~*~*~ (stealth).
 26624 | Spider:4 | 26624 ||| INVOKING Heroism.
 26643 | Spider:4 | 26643 ||| Stepping ~*~*~tactically~*~*~ (stealth).
 26685 | Spider:4 | 26685 ||| INVOKING Heroism.
 26714 | Spider:4 | 26714 ||| Stepping ~*~*~tactically~*~*~ (hiding).
 26715 | Spider:4 | 26715 ||| Stepping ~*~*~tactically~*~*~ (hiding).
 26777 | Spider:4 | Reached skill level 16 in Fighting
 26796 | Spider:4 | 26796 ||| Stepping ~*~*~tactically~*~*~ (stealth).
 26798 | Spider:4 | 26798 ||| Stepping ~*~*~tactically~*~*~ (hiding).
 26803 | Spider:4 | 26803 ||| INVOKING Heroism.
 26844 | Spider:4 | 26844 ||| Stepping ~*~*~tactically~*~*~ (hiding).
 26850 | Spider:4 | 26850 ||| INVOKING Heroism.
 26903 | Spider:4 | 26903 ||| FLEEEEING.
 26904 | Spider:4 | 26904 ||| Stepping ~*~*~tactically~*~*~ (stealth).
 26908 | Spider:4 | 26908 ||| INVOKING Heroism.
 26929 | Spider:4 | 26929 ||| Stepping ~*~*~tactically~*~*~ (stealth).
 26952 | Spider:4 | 26952 ||| Stepping ~*~*~tactically~*~*~ (stealth).
 26961 | Spider:4 | 26961 ||| INVOKING Finesse.
 26962 | Spider:4 | 26962 ||| INVOKING Finesse.
 26979 | Spider:4 | 26979 ||| Stepping ~*~*~tactically~*~*~ (stealth).
 27046 | Spider:4 | 27046 ||| INVOKING Heroism.
 27070 | Spider:4 | 27070 ||| Stepping ~*~*~tactically~*~*~ (stealth).
 27189 | Spider:4 | 27189 ||| Stepping ~*~*~tactically~*~*~ (stealth).
 27246 | Spider:4 | 27246 ||| INVOKING Heroism.
 27327 | Spider:4 | 27327 ||| Stepping ~*~*~tactically~*~*~ (stealth).
 27328 | Spider:4 | 27328 ||| Stepping ~*~*~tactically~*~*~ (stealth).
 27331 | Spider:4 | 27331 ||| INVOKING Heroism.
 27339 | Spider:4 | Reached XP level 19. HP: 125/127 MP: 24/26
 27564 | Spider:4 | 27564 ||| Stepping ~*~*~tactically~*~*~ (stealth).
 27593 | Spider:4 | Got a gossamer rune of Zot
 27625 | Spider:4 | 27625 ||| INVOKING Heroism.
 27672 | Spider:4 | 27672 ||| PLANNING VAULTS:1-4
 27672 | Spider:4 | 27672 ||| DROPPING +1 cloak.
 27673 | Spider:4 | 27673 ||| DROPPING scarf of shadows.
 28025 | Vaults:1 | Entered Level 1 of the Vaults
 28031 | Vaults:1 | 28031 ||| INVOKING Heroism.
 28032 | Vaults:1 | 28032 ||| INVOKING Finesse.
 28037 | Vaults:1 | Reached skill level 17 in Fighting
 28043 | Vaults:1 | 28043 ||| Stepping ~*~*~tactically~*~*~ (hiding).
 28047 | Vaults:1 | Received a gift from Okawaru
 28085 | Vaults:1 | 28085 ||| Stepping ~*~*~tactically~*~*~ (stealth).
 28086 | Vaults:1 | 28086 ||| Stepping ~*~*~tactically~*~*~ (stealth).
 28087 | Vaults:1 | 28087 ||| Stepping ~*~*~tactically~*~*~ (stealth).
 28129 | Vaults:1 | 28129 ||| Stepping ~*~*~tactically~*~*~ (stealth).
 28164 | Vaults:1 | 28164 ||| INVOKING Heroism.
 28227 | Vaults:1 | 28227 ||| INVOKING Heroism.
 28234 | Vaults:1 | Received a gift from Okawaru
 28378 | Vaults:1 | 28378 ||| INVOKING Heroism.
 28380 | Vaults:1 | 28380 ||| Stepping ~*~*~tactically~*~*~ (hiding).
 28393 | Vaults:1 | 28393 ||| Stepping ~*~*~tactically~*~*~ (hiding).
 28455 | Vaults:1 | 28455 ||| INVOKING Heroism.
 28476 | Vaults:1 | Identified the +6 hand axe "Jemas" {vorpal, +Blink Int+2}
                  | (Okawaru gifted it to you on level 1 of the Vaults)
 28476 | Vaults:1 | Received a gift from Okawaru
 28608 | Vaults:1 | Found Quha's Magic Scroll Shop.
 28615 | Vaults:1 | 28615 ||| BUYING scroll of teleportation (45 gold).
 28615 | Vaults:1 | Bought a scroll of teleportation for 45 gold pieces
 28644 | Vaults:1 | 28644 ||| Stepping ~*~*~tactically~*~*~ (hiding).
 28645 | Vaults:1 | 28645 ||| Stepping ~*~*~tactically~*~*~ (hiding).
 28771 | Vaults:1 | 28771 ||| Stepping ~*~*~tactically~*~*~ (stealth).
 28818 | Vaults:1 | Identified the +0 robe of the Slightly Bent {Slay+2}
 28855 | Vaults:1 | Found Neel's Book Boutique.
 28855 | Vaults:1 | Found Segeur's Distillery.
 28855 | Vaults:1 | Found Pufus's Assorted Antiques.
 28864 | Vaults:1 | 28864 ||| INVOKING Heroism.
 28869 | Vaults:1 | 28869 ||| INVOKING Finesse.
 28913 | Vaults:1 | 28913 ||| Stepping ~*~*~tactically~*~*~ (hiding).
 28914 | Vaults:1 | 28914 ||| Stepping ~*~*~tactically~*~*~ (hiding).
 28973 | Vaults:1 | 28973 ||| BUYING potion of curing (36 gold).
 28973 | Vaults:1 | Bought a potion of curing for 36 gold pieces
 28973 | Vaults:1 | 28973 ||| BUYING potion of lignification (36 gold).
 28973 | Vaults:1 | Bought a potion of lignification for 36 gold pieces
 28985 | Vaults:1 | 28985 ||| READING scroll of enchant armour.
 28985 | Vaults:1 | 28985 ||| ENCHANTING +1 helmet.
 29013 | Vaults:1 | 29013 ||| BUYING potion of curing (129 gold).
 29013 | Vaults:1 | Bought a potion of curing for 129 gold pieces
 29013 | Vaults:1 | 29013 ||| SHOPLISTING scroll of enchant armour (322 gold,
                  | have 83).
 29013 | Vaults:1 | 29013 ||| SHOPLISTING scroll of teleportation (129 gold,
                  | have 83).
 29073 | Vaults:1 | 29073 ||| READING 21 scrolls of teleportation.
 29217 | Vaults:1 | 29217 ||| Stepping ~*~*~tactically~*~*~ (stealth).
 29579 | Vaults:2 | 29579 ||| INVOKING Heroism.
 29580 | Vaults:2 | 29580 ||| INVOKING Finesse.
 29645 | Vaults:2 | 29645 ||| Stepping ~*~*~tactically~*~*~ (hiding).
 29656 | Vaults:2 | 29656 ||| INVOKING Heroism.
 29718 | Vaults:2 | 29718 ||| Stepping ~*~*~tactically~*~*~ (hiding).
 29724 | Vaults:2 | 29724 ||| INVOKING Heroism.
 29725 | Vaults:2 | 29725 ||| INVOKING Finesse.
 29728 | Vaults:2 | Noticed Zenata
 29747 | Vaults:2 | Killed Zenata
 29747 | Vaults:2 | Received a gift from Okawaru
 29779 | Vaults:2 | 29779 ||| INVOKING Heroism.
 29787 | Vaults:2 | Received a gift from Okawaru
 29836 | Vaults:2 | 29836 ||| INVOKING Heroism.
 29837 | Vaults:2 | 29837 ||| INVOKING Finesse.
 29885 | Vaults:2 | 29885 ||| INVOKING Heroism.
 29890 | Vaults:2 | 29890 ||| INVOKING Finesse.
 29912 | Vaults:2 | 29912 ||| Stepping ~*~*~tactically~*~*~ (hiding).
 29916 | Vaults:2 | 29916 ||| INVOKING Heroism.
 29924 | Vaults:2 | Identified the +7 hand axe of Okawaru's Envy {pain, rPois}
                  | (Okawaru gifted it to you on level 2 of the Vaults)
 29924 | Vaults:2 | Received a gift from Okawaru
 29926 | Vaults:2 | 29926 ||| Stepping ~*~*~tactically~*~*~ (hiding).
 29934 | Vaults:2 | Reached skill level 18 in Fighting
 29942 | Vaults:2 | 29942 ||| Stepping ~*~*~tactically~*~*~ (hiding).
 29943 | Vaults:2 | 29943 ||| Stepping ~*~*~tactically~*~*~ (hiding).
 29944 | Vaults:2 | 29944 ||| Stepping ~*~*~tactically~*~*~ (hiding).
 29950 | Vaults:2 | 29950 ||| Stepping ~*~*~tactically~*~*~ (hiding).
 29951 | Vaults:2 | 29951 ||| Stepping ~*~*~tactically~*~*~ (hiding).
 29976 | Vaults:2 | 29976 ||| Stepping ~*~*~tactically~*~*~ (stealth).
 29980 | Vaults:2 | 29980 ||| Stepping ~*~*~tactically~*~*~ (stealth).
 30085 | Vaults:2 | 30085 ||| Stepping ~*~*~tactically~*~*~ (stealth).
 30089 | Vaults:2 | 30089 ||| INVOKING Heroism.
 30096 | Vaults:2 | HP: 32/130 [ironbound frostheart/creeping frost (50)]
 30097 | Vaults:2 | 30097 ||| READING 20 scrolls of teleportation.
 30098 | Vaults:2 | Noticed Boris
 30100 | Vaults:2 | Reached XP level 20. HP: 36/136 MP: 25/27
 30369 | Vaults:2 | 30369 ||| Stepping ~*~*~tactically~*~*~ (stealth).
 30486 | Vaults:2 | Identified the +3 ring mail of the Iron City of Dis {rF++
                  | Stlth-}
 30522 | Vaults:2 | 30522 ||| Stepping ~*~*~tactically~*~*~ (stealth).
 30525 | Vaults:2 | 30525 ||| INVOKING Heroism.
 30600 | Vaults:2 | 30600 ||| INVOKING Heroism.
 30601 | Vaults:2 | 30601 ||| INVOKING Finesse.
 30607 | Vaults:2 | Killed Boris
 30705 | Vaults:2 | You are sucked into a shaft and drop 2 floors!
 30745 | Vaults:4 | Reached skill level 18 in Armour
 30771 | Vaults:4 | 30771 ||| INVOKING Heroism.
 30846 | Vaults:4 | 30846 ||| INVOKING Heroism.
 30908 | Vaults:4 | 30908 ||| INVOKING Heroism.
 30937 | Vaults:3 | 30937 ||| PLANNING WIZLAB
 30964 | Vaults:3 | 30964 ||| Stepping ~*~*~tactically~*~*~ (stealth).
 30964 | Vaults:3 | Found a magical portal.
 30965 | Vaults:3 | 30965 ||| UPGRADING to scarf of resistance.
 30967 | Vaults:3 | 30967 ||| Stepping ~*~*~tactically~*~*~ (hiding).
 30968 | Vaults:3 | 30968 ||| Stepping ~*~*~tactically~*~*~ (hiding).
 30969 | Vaults:3 | 30969 ||| Stepping ~*~*~tactically~*~*~ (hiding).
 31001 | Vaults:3 | 31001 ||| UPGRADING to scarf of resistance.
 31022 | WizLab   | Entered Alistair's Party Mansion
 31028 | WizLab   | 31028 ||| Stepping ~*~*~tactically~*~*~ (hiding).
 31036 | WizLab   | 31036 ||| INVOKING Heroism.
 31037 | WizLab   | 31037 ||| INVOKING Finesse.
 31109 | WizLab   | 31109 ||| INVOKING Heroism.
 31180 | WizLab   | 31180 ||| INVOKING Heroism.
 31186 | WizLab   | Received a gift from Okawaru
 31198 | WizLab   | 31198 ||| Stepping ~*~*~tactically~*~*~ (hiding).
 31200 | WizLab   | 31200 ||| Stepping ~*~*~tactically~*~*~ (hiding).
 31206 | WizLab   | 31206 ||| Stepping ~*~*~tactically~*~*~ (hiding).
 31220 | WizLab   | 31220 ||| INVOKING Heroism.
 31224 | WizLab   | 31224 ||| Stepping ~*~*~tactically~*~*~ (cloud).
 31285 | WizLab   | 31285 ||| Stepping ~*~*~tactically~*~*~ (stealth).
 31291 | WizLab   | 31291 ||| INVOKING Heroism.
 31360 | WizLab   | 31360 ||| Stepping ~*~*~tactically~*~*~ (hiding).
 31371 | WizLab   | 31371 ||| Stepping ~*~*~tactically~*~*~ (hiding).
 31390 | WizLab   | 31390 ||| INVOKING Heroism.
 31397 | WizLab   | 31397 ||| Stepping ~*~*~tactically~*~*~ (hiding).
 31411 | WizLab   | 31411 ||| INVOKING Finesse.
 31512 | WizLab   | 31512 ||| READING scroll of acquirement.
 31512 | WizLab   | 31512 ||| ACQUIRING 598 gold pieces
 31512 | WizLab   | Acquired 598 gold pieces
 31514 | WizLab   | 31514 ||| READING 20 scrolls of teleportation.
 31518 | WizLab   | 31518 ||| READING 19 scrolls of teleportation.
 31529 | WizLab   | 31529 ||| READING 18 scrolls of teleportation.
 31532 | WizLab   | 31532 ||| READING 17 scrolls of teleportation.
 31568 | WizLab   | 31568 ||| Stepping ~*~*~tactically~*~*~ (stealth).
 31570 | WizLab   | 31570 ||| Stepping ~*~*~tactically~*~*~ (hiding).
 31571 | WizLab   | 31571 ||| Stepping ~*~*~tactically~*~*~ (hiding).
 31700 | Vaults:3 | 31700 ||| PLANNING VAULTS:1-4
 31732 | Vaults:3 | 31732 ||| Stepping ~*~*~tactically~*~*~ (hiding).
 31733 | Vaults:3 | 31733 ||| Stepping ~*~*~tactically~*~*~ (hiding).
 31757 | Vaults:3 | 31757 ||| INVOKING Heroism.
 31759 | Vaults:3 | 31759 ||| INVOKING Finesse.
 31776 | Vaults:3 | 31776 ||| Stepping ~*~*~tactically~*~*~ (stealth).
 31777 | Vaults:3 | 31777 ||| Stepping ~*~*~tactically~*~*~ (stealth).
 31778 | Vaults:3 | 31778 ||| Stepping ~*~*~tactically~*~*~ (stealth).
 31807 | Vaults:3 | 31807 ||| Stepping ~*~*~tactically~*~*~ (hiding).
 31808 | Vaults:3 | 31808 ||| Stepping ~*~*~tactically~*~*~ (hiding).
 31818 | Vaults:3 | Reached skill level 19 in Fighting
 31843 | Vaults:3 | 31843 ||| Stepping ~*~*~tactically~*~*~ (hiding).
 31845 | Vaults:3 | 31845 ||| Stepping ~*~*~tactically~*~*~ (stealth).
 31846 | Vaults:3 | 31846 ||| Stepping ~*~*~tactically~*~*~ (hiding).
 31847 | Vaults:3 | 31847 ||| Stepping ~*~*~tactically~*~*~ (hiding).
 31848 | Vaults:3 | 31848 ||| Stepping ~*~*~tactically~*~*~ (hiding).
 31904 | Vaults:3 | 31904 ||| Stepping ~*~*~tactically~*~*~ (stealth).
 32081 | Vaults:3 | 32081 ||| Stepping ~*~*~tactically~*~*~ (stealth).
 32088 | Vaults:3 | 32088 ||| Stepping ~*~*~tactically~*~*~ (hiding).
 32092 | Vaults:3 | 32092 ||| Stepping ~*~*~tactically~*~*~ (hiding).
 32102 | Vaults:3 | 32102 ||| Stepping ~*~*~tactically~*~*~ (hiding).
 32107 | Vaults:3 | Received a gift from Okawaru
 32109 | Vaults:3 | 32109 ||| INVOKING Heroism.
 32166 | Vaults:3 | 32166 ||| INVOKING Heroism.
 32187 | Vaults:3 | Received a gift from Okawaru
 32290 | Vaults:3 | 32290 ||| Stepping ~*~*~tactically~*~*~ (stealth).
 32294 | Vaults:3 | 32294 ||| Stepping ~*~*~tactically~*~*~ (stealth).
 32358 | Vaults:3 | 32358 ||| Stepping ~*~*~tactically~*~*~ (hiding).
 32359 | Vaults:3 | 32359 ||| Stepping ~*~*~tactically~*~*~ (hiding).
 32361 | Vaults:3 | 32361 ||| Stepping ~*~*~tactically~*~*~ (hiding).
 32381 | Vaults:3 | 32381 ||| Stepping ~*~*~tactically~*~*~ (stealth).
 32383 | Vaults:3 | 32383 ||| Stepping ~*~*~tactically~*~*~ (hiding).
 32402 | Vaults:3 | Found a staircase to the Crypt.
 32441 | Vaults:3 | Received a gift from Okawaru
 32448 | Vaults:3 | 32448 ||| UPGRADING to +1 cloak "Huem Fer" {rElec Will+
                  | Dex-2}.
 32936 | Vaults:3 | 32936 ||| INVOKING Heroism.
 33030 | Vaults:3 | 33030 ||| INVOKING Heroism.
 33036 | Vaults:3 | Identified the +1 helmet "Axoirph" {rCorr Dex+2} (Okawaru
                  | gifted it to you on level 3 of the Vaults)
 33036 | Vaults:3 | Received a gift from Okawaru
 33105 | Vaults:3 | Reached XP level 21. HP: 137/144 MP: 28/28
 33197 | Vaults:3 | Identified the +8 trident of Anguish {spect, Str+3 Dex+6}
 33250 | Vaults:3 | 33250 ||| DROPPING +1 cloak.
 33251 | Vaults:3 | 33251 ||| UPGRADING to +1 helmet "Axoirph" {rCorr Dex+2}.
 33436 | Vaults:4 | 33436 ||| Stepping ~*~*~tactically~*~*~ (hiding).
 33519 | Vaults:4 | 33519 ||| Stepping ~*~*~tactically~*~*~ (hiding).
 33666 | Vaults:4 | 33666 ||| INVOKING Heroism.
 33667 | Vaults:4 | 33667 ||| INVOKING Finesse.
 33675 | Vaults:4 | Noticed Jory
 33684 | Vaults:4 | Killed Jory
 33917 | Vaults:4 | 33917 ||| INVOKING Heroism.
 34017 | Vaults:4 | 34017 ||| INVOKING Heroism.
 34237 | Vaults:4 | 34237 ||| FLEEEEING.
 34279 | Vaults:4 | 34279 ||| PLANNING SHOALS:4
 34279 | Vaults:4 | 34279 ||| UPGRADING to scarf of resistance.
 34649 | Shoals:4 | Entered Level 4 of the Shoals
 34668 | Shoals:4 | 34668 ||| INVOKING Heroism.
 34678 | Shoals:4 | Reached skill level 6 in Dodging
 34736 | Shoals:4 | 34736 ||| INVOKING Heroism.
 34793 | Shoals:4 | 34793 ||| INVOKING Heroism.
 34853 | Shoals:4 | 34853 ||| Stepping ~*~*~tactically~*~*~ (hiding).
 34866 | Shoals:4 | 34866 ||| INVOKING Heroism.
 34945 | Shoals:4 | Found a runed translucent gate.
 34946 | Shoals:4 | Found a runed translucent gate.
 34946 | Shoals:4 | Found an opulent altar of Gozag.
 34947 | Shoals:4 | Found a runed translucent gate.
 34949 | Shoals:4 | Found Qunag's Assorted Antiques.
 34949 | Shoals:4 | Noticed qw's ghost (adept MiBe)
 34960 | Shoals:4 | Found the +3 pair of seven-league boots {Rampage+∞}
 34990 | Shoals:4 | 34990 ||| Stepping ~*~*~tactically~*~*~ (hiding).
 34997 | Shoals:4 | Reached skill level 20 in Fighting
 35072 | Shoals:4 | 35072 ||| INVOKING Heroism.
 35306 | Shoals:4 | 35306 ||| INVOKING Heroism.
 35391 | Shoals:4 | Got a barnacled rune of Zot
 35466 | Shoals:4 | 35466 ||| INVOKING Heroism.
 35467 | Shoals:4 | 35467 ||| INVOKING Finesse.
 35521 | Shoals:4 | 35521 ||| INVOKING Heroism.
 35647 | Shoals:4 | 35647 ||| INVOKING Heroism.
 35667 | Shoals:4 | Identified the +6 rapier of the Queen {vorpal, rPois rF+
                  | rC+ Dex+4}
 35807 | Shoals:4 | 35807 ||| PLANNING DEPTHS
 35807 | Shoals:4 | 35807 ||| UPGRADING to +3 pair of seven-league boots
                  | {Rampage+∞}.
 35817 | Shoals:4 | 35817 ||| DROPPING +2 pair of boots of flying.
 35818 | Shoals:4 | 35818 ||| DROPPING +6 ring of intelligence.
 36082 | Depths:1 | Entered Level 1 of the Depths
 36083 | Depths:1 | 36083 ||| PLANNING BAZAAR
 36096 | Depths:1 | 36096 ||| Stepping ~*~*~tactically~*~*~ (stealth).
 36098 | Depths:1 | 36098 ||| Stepping ~*~*~tactically~*~*~ (stealth).
 36100 | Depths:1 | 36100 ||| INVOKING Heroism.
 36101 | Depths:1 | 36101 ||| INVOKING Finesse.
 36104 | Depths:1 | 36104 ||| Stepping ~*~*~tactically~*~*~ (hiding).
 36107 | Depths:1 | Received a gift from Okawaru
 36107 | Depths:1 | Found the +14 obsidian axe {vorpal, Mesm Drain Fly SInv}
 36133 | Depths:1 | 36133 ||| Stepping ~*~*~tactically~*~*~ (hiding).
 36244 | Depths:1 | 36244 ||| DROPPING +0 vampiric war axe.
 36280 | Depths:1 | 36280 ||| INVOKING Heroism.
 36281 | Depths:1 | 36281 ||| INVOKING Finesse.
 36511 | Depths:1 | 36511 ||| INVOKING Heroism.
 36555 | Depths:1 | 36555 ||| INVOKING Finesse.
 36556 | Depths:1 | 36556 ||| INVOKING Heroism.
 36592 | Depths:1 | 36592 ||| Stepping ~*~*~tactically~*~*~ (hiding).
 36596 | Depths:1 | 36596 ||| Stepping ~*~*~tactically~*~*~ (hiding).
 36611 | Depths:1 | 36611 ||| Stepping ~*~*~tactically~*~*~ (stealth).
 36618 | Depths:1 | 36618 ||| INVOKING Heroism.
 36678 | Depths:1 | Found a gateway to Hell.
 36754 | Depths:1 | 36754 ||| Stepping ~*~*~tactically~*~*~ (stealth).
 36765 | Depths:1 | 36765 ||| INVOKING Heroism.
 36797 | Depths:1 | 36797 ||| INVOKING Heroism.
 36804 | Depths:1 | Reached skill level 21 in Fighting
 36862 | Depths:1 | 36862 ||| INVOKING Heroism.
 36864 | Depths:1 | Reached XP level 22. HP: 155/155 MP: 26/29
 36875 | Depths:1 | Reached skill level 18 in Shields
 37011 | Depths:1 | Found a radiant altar of Vehumet.
 37168 | Depths:1 | 37168 ||| RIP BAZAAR
 37192 | Depths:1 | 37192 ||| PLANNING DEPTHS
 37521 | Depths:2 | 37521 ||| INVOKING Heroism.
 37524 | Depths:2 | 37524 ||| INVOKING Finesse.
 37525 | Depths:2 | 37525 ||| STAIRDANCE
 37559 | Depths:2 | 37559 ||| STAIRDANCE
 37601 | Depths:2 | 37601 ||| STAIRDANCE
 37611 | Depths:2 | 37611 ||| STAIRDANCE
 37626 | Depths:2 | 37626 ||| STAIRDANCE
 37644 | Depths:2 | 37644 ||| INVOKING Heroism.
 37645 | Depths:2 | 37645 ||| STAIRDANCE
 37647 | Depths:1 | Identified the +7 broad axe of the Present {freeze, rElec}
                  | (Okawaru gifted it to you on level 1 of the Depths)
 37647 | Depths:1 | Received a gift from Okawaru
 37664 | Depths:2 | 37664 ||| STAIRDANCE
 37714 | Depths:2 | 37714 ||| INVOKING Heroism.
 37734 | Depths:2 | Reached skill level 12 in Throwing
 37829 | Depths:2 | 37829 ||| INVOKING Heroism.
 37849 | Depths:2 | 37849 ||| Stepping ~*~*~tactically~*~*~ (hiding).
 37888 | Depths:2 | 37888 ||| INVOKING Finesse.
 37904 | Depths:2 | 37904 ||| INVOKING Heroism.
 37915 | Depths:2 | Identified the +0 hat of Afots {Rampage rElec rC+} (Okawaru
                  | gifted it to you on level 2 of the Depths)
 37915 | Depths:2 | Received a gift from Okawaru
 38235 | Depths:2 | 38235 ||| INVOKING Heroism.
 38236 | Depths:2 | 38236 ||| INVOKING Finesse.
 38249 | Depths:2 | 38249 ||| INVOKING Finesse.
 38325 | Depths:2 | 38325 ||| INVOKING Heroism.
 38372 | Depths:2 | Found a one-way gateway to a ziggurat.
 38376 | Depths:2 | 38376 ||| INVOKING Heroism.
 38699 | Depths:2 | 38699 ||| INVOKING Heroism.
 38702 | Depths:2 | Found a one-way gate leading to the halls of Pandemonium.
 38706 | Depths:2 | Gained mutation: You sometimes lose your temper in combat.
                  | [a neqoxec]
 38819 | Depths:2 | 38819 ||| DRINKING 8 potions of mutation.
 38819 | Depths:2 | Lost mutation: You sometimes lose your temper in combat.
                  | [potion of mutation]
 38819 | Depths:2 | Gained mutation: Your spells are a little easier to cast,
                  | but a little less powerful. [potion of mutation]
 38819 | Depths:2 | Gained mutation: You sometimes lose your temper in combat.
                  | [potion of mutation]
 38820 | Depths:2 | 38820 ||| DRINKING 7 potions of mutation.
 38820 | Depths:2 | Lost mutation: You sometimes lose your temper in combat.
                  | [potion of mutation]
 38820 | Depths:2 | Lost mutation: Your spells are a little easier to cast, but
                  | a little less powerful. [potion of mutation]
 38820 | Depths:2 | Gained mutation: You are partially covered in iridescent
                  | scales. (AC +2) [potion of mutation]
 38833 | Depths:2 | 38833 ||| DROPPING amulet of magic regeneration.
 38858 | Depths:3 | 38858 ||| Stepping ~*~*~tactically~*~*~ (hiding).
 38865 | Depths:3 | 38865 ||| Stepping ~*~*~tactically~*~*~ (hiding).
 38872 | Depths:3 | 38872 ||| INVOKING Heroism.
 38978 | Depths:3 | Found Zyes's Jewellery Shoppe.
 38983 | Depths:3 | 38983 ||| BUYING +4 ring of slaying (1014 gold).
 38983 | Depths:3 | Bought a +4 ring of slaying for 1014 gold pieces
 38983 | Depths:3 | 38983 ||| SHOPLISTING ring of protection from cold (325
                  | gold, have 214).
 38983 | Depths:3 | 38983 ||| SHOPLISTING ring of the Tortoise {AC+8} (1664
                  | gold, have 214).
 38994 | Depths:3 | 38994 ||| Stepping ~*~*~tactically~*~*~ (hiding).
 38998 | Depths:3 | 38998 ||| INVOKING Finesse.
 39102 | Depths:3 | Noticed a golden dragon
 39103 | Depths:3 | 39103 ||| INVOKING Heroism.
 39104 | Depths:3 | 39104 ||| INVOKING Finesse.
 39109 | Depths:3 | Killed a golden dragon
 39125 | Depths:3 | 39125 ||| Stepping ~*~*~tactically~*~*~ (hiding).
 39134 | Depths:3 | 39134 ||| Stepping ~*~*~tactically~*~*~ (hiding).
 39139 | Depths:3 | 39139 ||| Stepping ~*~*~tactically~*~*~ (hiding).
 39143 | Depths:3 | 39143 ||| Stepping ~*~*~tactically~*~*~ (hiding).
 39149 | Depths:3 | 39149 ||| INVOKING Heroism.
 39152 | Depths:3 | Identified the +4 buckler "Kehur" {rC+ Will+ Dex+2}
 39170 | Depths:3 | 39170 ||| Stepping ~*~*~tactically~*~*~ (hiding).
 39197 | Depths:3 | 39197 ||| Stepping ~*~*~tactically~*~*~ (hiding).
 39367 | Depths:3 | 39367 ||| FLEEEEING.
 39368 | Depths:3 | 39368 ||| FLEEEEING.
 39369 | Depths:3 | 39369 ||| FLEEEEING.
 39370 | Depths:3 | 39370 ||| FLEEEEING.
 39371 | Depths:3 | 39371 ||| FLEEEEING.
 39372 | Depths:3 | 39372 ||| FLEEEEING.
 39373 | Depths:3 | 39373 ||| FLEEEEING.
 39374 | Depths:3 | 39374 ||| FLEEEEING.
 39375 | Depths:3 | 39375 ||| FLEEEEING.
 39376 | Depths:3 | 39376 ||| FLEEEEING.
 39377 | Depths:3 | 39377 ||| FLEEEEING.
 39378 | Depths:3 | 39378 ||| FLEEEEING.
 39379 | Depths:3 | 39379 ||| FLEEEEING.
 39380 | Depths:3 | 39380 ||| FLEEEEING.
 39381 | Depths:3 | 39381 ||| FLEEEEING.
 39385 | Depths:3 | 39385 ||| FLEEEEING.
 39386 | Depths:3 | 39386 ||| FLEEEEING.
 39387 | Depths:3 | 39387 ||| FLEEEEING.
 39388 | Depths:3 | 39388 ||| FLEEEEING.
 39389 | Depths:3 | 39389 ||| FLEEEEING.
 39390 | Depths:3 | 39390 ||| FLEEEEING.
 39391 | Depths:3 | 39391 ||| FLEEEEING.
 39392 | Depths:3 | 39392 ||| FLEEEEING.
 39396 | Depths:3 | 39396 ||| FLEEEEING.
 39397 | Depths:3 | 39397 ||| FLEEEEING.
 39398 | Depths:3 | 39398 ||| FLEEEEING.
 39400 | Depths:3 | 39400 ||| INVOKING Heroism.
 39420 | Depths:3 | Reached skill level 22 in Fighting
 39463 | Depths:3 | 39463 ||| INVOKING Heroism.
 39721 | Depths:3 | 39721 ||| Stepping ~*~*~tactically~*~*~ (hiding).
 39726 | Depths:3 | 39726 ||| INVOKING Heroism.
 39727 | Depths:3 | 39727 ||| INVOKING Finesse.
 39815 | Depths:3 | Found Fiojar's Book Shoppe.
 39819 | Depths:3 | Found Enkumn's Jewellery Emporium.
 39826 | Depths:3 | 39826 ||| SHOPLISTING amulet of Olabb {Acrobat Str+7} (878
                  | gold, have 578).
 39929 | Depths:3 | 39929 ||| UPGRADING to +4 ring of slaying {mikee}.
 39931 | Depths:3 | 39931 ||| DROPPING +6 ring of strength.
 39945 | Depths:4 | Entered Level 4 of the Depths
 39971 | Depths:4 | 39971 ||| Stepping ~*~*~tactically~*~*~ (hiding).
 39972 | Depths:4 | 39972 ||| Stepping ~*~*~tactically~*~*~ (hiding).
 39985 | Depths:4 | Reached XP level 23. HP: 151/162 MP: 30/30
 40093 | Depths:4 | 40093 ||| Stepping ~*~*~tactically~*~*~ (hiding).
 40095 | Depths:4 | 40095 ||| INVOKING Heroism.
 40095 | Depths:4 | Noticed Parghit
 40101 | Depths:4 | Received a gift from Okawaru
 40111 | Depths:4 | Killed Parghit
 40258 | Depths:4 | 40258 ||| Stepping ~*~*~tactically~*~*~ (hiding).
 40259 | Depths:4 | 40259 ||| INVOKING Finesse.
 40260 | Depths:4 | 40260 ||| Stepping ~*~*~tactically~*~*~ (hiding).
 40266 | Depths:4 | 40266 ||| INVOKING Heroism.
 40394 | Depths:4 | 40394 ||| Stepping ~*~*~tactically~*~*~ (hiding).
 40398 | Depths:4 | 40398 ||| INVOKING Heroism.
 40411 | Depths:4 | 40411 ||| Stepping ~*~*~tactically~*~*~ (stealth).
 40448 | Depths:4 | 40448 ||| Stepping ~*~*~tactically~*~*~ (stealth).
 40449 | Depths:4 | 40449 ||| Stepping ~*~*~tactically~*~*~ (stealth).
 40484 | Depths:4 | 40484 ||| INVOKING Heroism.
 40485 | Depths:4 | 40485 ||| INVOKING Finesse.
 40519 | Depths:4 | 40519 ||| Stepping ~*~*~tactically~*~*~ (hiding).
 40598 | Depths:4 | 40598 ||| Stepping ~*~*~tactically~*~*~ (hiding).
 40725 | Depths:4 | Reached skill level 21 in Armour
 40749 | Depths:4 | 40749 ||| INVOKING Heroism.
 40770 | Depths:4 | Received a gift from Okawaru
 40977 | Depths:4 | 40977 ||| DRINKING 7 potions of resistance.
 40978 | Depths:4 | 40978 ||| INVOKING Heroism.
 41261 | Depths:4 | Found a gate to the Realm of Zot.
 41336 | Depths:4 | 41336 ||| PLANNING VAULTS:5
 41336 | Depths:4 | 41336 ||| UPGRADING to +1 cloak "Huem Fer" {rElec Will+
                  | Dex-2}.
 41346 | Depths:4 | 41346 ||| DROPPING +6 plate armour of ponderousness.
 41347 | Depths:4 | 41347 ||| DROPPING +3 plate armour of poison resistance.
 41348 | Depths:4 | 41348 ||| DROPPING +3 chain mail of fire resistance.
 41349 | Depths:4 | 41349 ||| DROPPING +3 chain mail of cold resistance.
 41350 | Depths:4 | 41350 ||| UPGRADING to +9 gold dragon scales.
 41360 | Depths:4 | 41360 ||| UPGRADING to +2 hat of see invisible.
 41370 | Depths:4 | 41370 ||| DROPPING +0 ice dragon scales.
 41667 | Vaults:5 | Entered Level 5 of the Vaults
 41668 | Vaults:5 | 41668 ||| INVOKING Heroism.
 41669 | Vaults:5 | 41669 ||| STAIRDANCE
 41671 | Vaults:4 | 41671 ||| INVOKING Finesse.
 41711 | Vaults:5 | 41711 ||| STAIRDANCE
 41727 | Vaults:4 | Received a gift from Okawaru
 41781 | Vaults:4 | 41781 ||| DROPPING +4 buckler "Kehur" {rC+ Will+ Dex+2}.
 41782 | Vaults:4 | 41782 ||| UPGRADING to +0 tower shield.
 41792 | Vaults:4 | 41792 ||| DROPPING +0 kite shield.
 41795 | Vaults:5 | Noticed a dread lich
 41796 | Vaults:5 | 41796 ||| STAIRDANCE
 41798 | Vaults:4 | 41798 ||| INVOKING Heroism.
 41806 | Vaults:4 | Received a gift from Okawaru
 41929 | Vaults:5 | 41929 ||| STAIRDANCE
 41931 | Vaults:4 | 41931 ||| INVOKING Heroism.
 41932 | Vaults:4 | 41932 ||| INVOKING Finesse.
 42002 | Vaults:5 | 42002 ||| INVOKING Heroism.
 42011 | Vaults:5 | 42011 ||| STAIRDANCE
 42135 | Vaults:5 | 42135 ||| STAIRDANCE
 42165 | Vaults:5 | 42165 ||| INVOKING Heroism.
 42184 | Vaults:5 | 42184 ||| INVOKING Finesse.
 42189 | Vaults:5 | 42189 ||| STAIRDANCE
 42363 | Vaults:5 | 42363 ||| STAIRDANCE
 42365 | Vaults:4 | 42365 ||| INVOKING Heroism.
 42366 | Vaults:4 | 42366 ||| INVOKING Finesse.
 42376 | Vaults:4 | Killed a dread lich
 42405 | Vaults:5 | 42405 ||| INVOKING Finesse.
 42406 | Vaults:5 | Noticed a golden dragon
 42423 | Vaults:5 | Killed a golden dragon
 42428 | Vaults:5 | 42428 ||| Stepping ~*~*~tactically~*~*~ (hiding).
 42433 | Vaults:5 | 42433 ||| Stepping ~*~*~tactically~*~*~ (hiding).
 42434 | Vaults:5 | 42434 ||| INVOKING Heroism.
 42455 | Vaults:5 | Received a gift from Okawaru
 42473 | Vaults:5 | 42473 ||| Stepping ~*~*~tactically~*~*~ (stealth).
 42475 | Vaults:5 | 42475 ||| Stepping ~*~*~tactically~*~*~ (stealth).
 42476 | Vaults:5 | 42476 ||| Stepping ~*~*~tactically~*~*~ (stealth).
 42484 | Vaults:5 | 42484 ||| FLEEEEING.
 42485 | Vaults:5 | 42485 ||| FLEEEEING.
 42486 | Vaults:5 | 42486 ||| FLEEEEING.
 42487 | Vaults:5 | 42487 ||| FLEEEEING.
 42488 | Vaults:5 | 42488 ||| INVOKING Heroism.
 42551 | Vaults:5 | 42551 ||| FLEEEEING.
 42552 | Vaults:5 | 42552 ||| STAIRDANCE
 42626 | Vaults:5 | 42626 ||| Stepping ~*~*~tactically~*~*~ (hiding).
 42627 | Vaults:5 | 42627 ||| Stepping ~*~*~tactically~*~*~ (hiding).
 42630 | Vaults:5 | 42630 ||| INVOKING Heroism.
 42644 | Vaults:5 | 42644 ||| INVOKING Finesse.
 42687 | Vaults:5 | 42687 ||| FLEEEEING.
 42688 | Vaults:5 | 42688 ||| STAIRDANCE
 42814 | Vaults:5 | Identified the +12 short sword "Bareeqah" {vorpal, rF++
                  | Int+5 SInv}
 42816 | Vaults:5 | 42816 ||| INVOKING Heroism.
 42884 | Vaults:5 | Found Urenaat's Magic Scroll Shop.
 42892 | Vaults:5 | 42892 ||| BUYING scroll of blinking (97 gold).
 42892 | Vaults:5 | Bought a scroll of blinking for 97 gold pieces
 42892 | Vaults:5 | 42892 ||| BUYING scroll of teleportation (39 gold).
 42892 | Vaults:5 | Bought a scroll of teleportation for 39 gold pieces
 42892 | Vaults:5 | 42892 ||| BUYING scroll of teleportation (39 gold).
 42892 | Vaults:5 | Bought a scroll of teleportation for 39 gold pieces
 43114 | Vaults:5 | 43114 ||| INVOKING Heroism.
 43138 | Vaults:5 | 43138 ||| Stepping ~*~*~tactically~*~*~ (stealth).
 43154 | Vaults:5 | 43154 ||| Stepping ~*~*~tactically~*~*~ (hiding).
 43155 | Vaults:5 | 43155 ||| INVOKING Heroism.
 43163 | Vaults:5 | 43163 ||| INVOKING Finesse.
 43163 | Vaults:5 | Noticed Xtahua
 43164 | Vaults:5 | 43164 ||| DRINKING 6 potions of resistance.
 43167 | Vaults:5 | Reached XP level 24. HP: 161/168 MP: 25/30
 43167 | Vaults:5 | 43167 ||| Stepping ~*~*~tactically~*~*~ (hiding).
 43171 | Vaults:5 | 43171 ||| Stepping ~*~*~tactically~*~*~ (hiding).
 43178 | Vaults:5 | Killed Xtahua
 43190 | Vaults:5 | 43190 ||| Stepping ~*~*~tactically~*~*~ (stealth).
 43192 | Vaults:5 | 43192 ||| Stepping ~*~*~tactically~*~*~ (stealth).
 43199 | Vaults:5 | 43199 ||| Stepping ~*~*~tactically~*~*~ (hiding).
 43324 | Vaults:5 | 43324 ||| Stepping ~*~*~tactically~*~*~ (hiding).
 43515 | Vaults:5 | 43515 ||| Stepping ~*~*~tactically~*~*~ (hiding).
 43516 | Vaults:5 | Identified the amulet of Lefogg {Faith rPois Will+}
 43518 | Vaults:5 | 43518 ||| Stepping ~*~*~tactically~*~*~ (hiding).
 43546 | Vaults:5 | 43546 ||| FLEEEEING.
 43547 | Vaults:5 | 43547 ||| FLEEEEING.
 43548 | Vaults:5 | 43548 ||| FLEEEEING.
 43548 | Vaults:5 | Noticed an ancient lich
 43548 | Vaults:5 | Noticed an ancient lich
 43549 | Vaults:5 | 43549 ||| INVOKING Heroism.
 43550 | Vaults:5 | 43550 ||| INVOKING Finesse.
 43557 | Vaults:5 | Killed an ancient lich
 43560 | Vaults:5 | Killed an ancient lich
 43693 | Vaults:5 | 43693 ||| FLEEEEING.
 43694 | Vaults:5 | 43694 ||| FLEEEEING.
 43695 | Vaults:5 | 43695 ||| FLEEEEING.
 43696 | Vaults:5 | 43696 ||| FLEEEEING.
 43697 | Vaults:5 | 43697 ||| FLEEEEING.
 43708 | Vaults:5 | 43708 ||| FLEEEEING.
 43709 | Vaults:5 | 43709 ||| FLEEEEING.
 43712 | Vaults:5 | 43712 ||| STAIRDANCE
 43712 | Vaults:5 | Identified the +3 leather armour of Forking Paths {rF- rN+
                  | Regen+ Str+3 Int+7}
 43772 | Vaults:4 | 43772 ||| DROPPING +1 pair of gloves.
 43777 | Vaults:5 | 43777 ||| STAIRDANCE
 43788 | Vaults:4 | Reached skill level 21 in Shields
 43809 | Vaults:5 | 43809 ||| INVOKING Heroism.
 43866 | Vaults:5 | 43866 ||| Stepping ~*~*~tactically~*~*~ (hiding).
 43869 | Vaults:5 | 43869 ||| INVOKING Heroism.
 43905 | Vaults:5 | Identified the +7 flail "Luocvun" {pain, rPois rF+ rC+
                  | Str-4}
 43954 | Vaults:5 | 43954 ||| INVOKING Heroism.
 43962 | Vaults:5 | 43962 ||| Stepping ~*~*~tactically~*~*~ (hiding).
 43983 | Vaults:5 | Received a gift from Okawaru
 44036 | Vaults:5 | 44036 ||| FLEEEEING.
 44094 | Vaults:5 | 44094 ||| FLEEEEING.
 44095 | Vaults:5 | 44095 ||| FLEEEEING.
 44096 | Vaults:5 | 44096 ||| FLEEEEING.
 44097 | Vaults:5 | 44097 ||| FLEEEEING.
 44106 | Vaults:5 | 44106 ||| STAIRDANCE
 44361 | Vaults:5 | Got a silver rune of Zot
 44411 | Vaults:5 | 44411 ||| DROPPING +0 vorpal broad axe.
 44474 | Vaults:5 | Identified the +0 helmet of Inquiry {rF+} (Okawaru gifted
                  | it to you on level 5 of the Vaults)
 44474 | Vaults:5 | Received a gift from Okawaru
 44704 | Vaults:5 | Identified the +4 war axe of Gyloas {venom, *Slow rElec
                  | rPois Dex+8}
 44709 | Vaults:5 | 44709 ||| DROPPING +0 broad axe of electrocution.
 44805 | Vaults:5 | 44805 ||| PLANNING SHOPPING SPREE
 45070 | Orc:2    | 45070 ||| BUYING scroll of blinking (112 gold).
 45070 | Orc:2    | Bought a scroll of blinking for 112 gold pieces
 45302 | Vaults:1 | 45302 ||| BUYING scroll of enchant armour (322 gold).
 45302 | Vaults:1 | Bought a scroll of enchant armour for 322 gold pieces
 45302 | Vaults:1 | 45302 ||| BUYING scroll of teleportation (129 gold).
 45302 | Vaults:1 | Bought a scroll of teleportation for 129 gold pieces
 45302 | Vaults:1 | 45302 ||| READING scroll of enchant armour.
 45302 | Vaults:1 | 45302 ||| ENCHANTING +9 gold dragon scales.
 45597 | Shoals:1 | 45597 ||| BUYING 2 potions of resistance (340 gold).
 45597 | Shoals:1 | Bought 2 potions of resistance for 340 gold pieces
 45597 | Shoals:1 | 45597 ||| BUYING potion of mutation (136 gold).
 45597 | Shoals:1 | Bought a potion of mutation for 136 gold pieces
 45855 | Depths:3 | 45855 ||| BUYING ring of protection from cold (325 gold).
 45855 | Depths:3 | Bought a ring of protection from cold for 325 gold pieces
 45855 | Depths:3 | 45855 ||| BUYING ring of the Tortoise {AC+8} (1664 gold).
 45855 | Depths:3 | Bought the ring of the Tortoise {AC+8} for 1664 gold pieces
 45855 | Depths:3 | Found the ring of the Tortoise {AC+8}
 45855 | Depths:3 | 45855 ||| DROPPING ring of protection from cold.
 45856 | Depths:3 | 45856 ||| DROPPING ring of ice.
 45857 | Depths:3 | 45857 ||| UPGRADING to ring of the Tortoise {AC+8}.
 45859 | Depths:3 | 45859 ||| DROPPING +4 ring of slaying {mikee}.
 45860 | Depths:3 | 45860 ||| CLEARING SHOPPING LIST
 45860 | Depths:3 | 45860 ||| PLANNING ZOT
 45860 | Depths:3 | 45860 ||| READING 27 scrolls of teleportation.
 45864 | Depths:3 | 45864 ||| UPGRADING to scarf of resistance.
 45956 | Zot:1    | Entered Level 1 of the Realm of Zot
 45959 | Zot:1    | 45959 ||| INVOKING Heroism.
 46003 | Zot:1    | 46003 ||| READING 26 scrolls of teleportation.
 46010 | Zot:1    | 46010 ||| INVOKING Heroism.
 46015 | Zot:1    | 46015 ||| DRINKING 4 potions of cancellation.
 46097 | Zot:1    | 46097 ||| INVOKING Heroism.
 46098 | Zot:1    | 46098 ||| Stepping ~*~*~tactically~*~*~ (hiding).
 46406 | Zot:1    | 46406 ||| INVOKING Heroism.
 46424 | Zot:1    | Reached skill level 23 in Fighting
 46441 | Zot:1    | 46441 ||| READING scroll of acquirement.
 46441 | Zot:1    | 46441 ||| ACQUIRING +0 pair of boots of the Everdark
                  | {Contam rF+++ Will+++ Stlth+}
 46441 | Zot:1    | Acquired the +0 pair of boots of the Everdark {Contam rF+++
                  | Will+++ Stlth+}
 46443 | Zot:1    | 46443 ||| UPGRADING to +0 pair of boots of the Everdark
                  | {Contam rF+++ Will+++ Stlth+}.
 46453 | Zot:1    | 46453 ||| SWAPPING to +7 broad axe of the Present {freeze,
                  | rElec}.
 46454 | Zot:1    | 46454 ||| UPGRADING to +1 cloak "Huem Fer" {rElec Will+
                  | Dex-2}.
 46464 | Zot:1    | 46464 ||| UPGRADING to +1 cloak.
 46544 | Zot:1    | 46544 ||| Stepping ~*~*~tactically~*~*~ (hiding).
 46576 | Zot:1    | 46576 ||| Stepping ~*~*~tactically~*~*~ (stealth).
 46588 | Zot:1    | 46588 ||| INVOKING Heroism.
 46657 | Zot:1    | 46657 ||| INVOKING Heroism.
 47140 | Zot:2    | 47140 ||| Stepping ~*~*~tactically~*~*~ (stealth).
 47142 | Zot:2    | 47142 ||| Stepping ~*~*~tactically~*~*~ (hiding).
 47148 | Zot:2    | 47148 ||| INVOKING Heroism.
 47202 | Zot:2    | 47202 ||| Stepping ~*~*~tactically~*~*~ (hiding).
 47210 | Zot:2    | 47210 ||| STAIRDANCE
 47501 | Zot:2    | 47501 ||| Stepping ~*~*~tactically~*~*~ (hiding).
 47503 | Zot:2    | 47503 ||| INVOKING Heroism.
 47538 | Zot:2    | 47538 ||| INVOKING Heroism.
 47660 | Zot:2    | Noticed a Killer Klown
 47661 | Zot:2    | 47661 ||| INVOKING Heroism.
 47662 | Zot:2    | 47662 ||| Stepping ~*~*~tactically~*~*~ (hiding).
 47665 | Zot:2    | 47665 ||| INVOKING Finesse.
 47668 | Zot:2    | 47668 ||| Stepping ~*~*~tactically~*~*~ (hiding).
 47670 | Zot:2    | 47670 ||| Stepping ~*~*~tactically~*~*~ (hiding).
 47677 | Zot:2    | Killed a Killer Klown
 47896 | Zot:2    | 47896 ||| Stepping ~*~*~tactically~*~*~ (hiding).
 47899 | Zot:2    | 47899 ||| INVOKING Heroism.
 48047 | Zot:2    | 48047 ||| Stepping ~*~*~tactically~*~*~ (hiding).
 48052 | Zot:2    | 48052 ||| INVOKING Heroism.
 48063 | Zot:2    | Reached XP level 25. HP: 178/178 MP: 29/30
 48156 | Zot:2    | 48156 ||| Stepping ~*~*~tactically~*~*~ (stealth).
 48170 | Zot:2    | 48170 ||| Stepping ~*~*~tactically~*~*~ (hiding).
 48177 | Zot:2    | 48177 ||| INVOKING Heroism.
 48207 | Zot:2    | Reached skill level 24 in Fighting
 48217 | Zot:2    | HP: 31/178 [purple draconian/bolt of dispelling energy[a
                  | green draconian monk] (27)]
 48218 | Zot:2    | 48218 ||| READING 25 scrolls of teleportation.
 48219 | Zot:2    | 48219 ||| DRINKING 11 potions of heal wounds.
 48220 | Zot:2    | 48220 ||| DRINKING 10 potions of heal wounds.
 48233 | Zot:2    | 48233 ||| INVOKING Heroism.
 48596 | Zot:2    | Noticed an orb of fire
 48597 | Zot:2    | 48597 ||| INVOKING Heroism.
 48598 | Zot:2    | 48598 ||| INVOKING Finesse.
 48599 | Zot:2    | Gained mutation: You are clumsy. (Dex -2) [an orb of fire]
 48616 | Zot:2    | Killed an orb of fire
 48616 | Zot:2    | Received a gift from Okawaru
 48678 | Zot:2    | 48678 ||| Stepping ~*~*~tactically~*~*~ (hiding).
 48712 | Zot:2    | 48712 ||| Stepping ~*~*~tactically~*~*~ (stealth).
 48981 | Zot:2    | 48981 ||| Stepping ~*~*~tactically~*~*~ (stealth).
 49159 | Zot:2    | 49159 ||| DROPPING +2 helmet.
 49204 | Zot:3    | 49204 ||| INVOKING Heroism.
 49311 | Zot:3    | 49311 ||| INVOKING Heroism.
 49349 | Zot:3    | 49349 ||| FLEEEEING.
 49350 | Zot:3    | 49350 ||| FLEEEEING.
 49358 | Zot:3    | 49358 ||| FLEEEEING.
 49359 | Zot:3    | 49359 ||| FLEEEEING.
 49360 | Zot:3    | 49360 ||| FLEEEEING.
 49361 | Zot:3    | 49361 ||| FLEEEEING.
 49362 | Zot:3    | 49362 ||| FLEEEEING.
 49363 | Zot:3    | 49363 ||| FLEEEEING.
 49364 | Zot:3    | 49364 ||| FLEEEEING.
 49369 | Zot:3    | 49369 ||| STAIRDANCE
 49494 | Zot:3    | 49494 ||| INVOKING Heroism.
 49648 | Zot:3    | Found a transporter.
 49650 | Zot:3    | Found a transporter.
 49709 | Zot:3    | 49709 ||| Stepping ~*~*~tactically~*~*~ (hiding).
 49966 | Zot:3    | 49966 ||| Stepping ~*~*~tactically~*~*~ (hiding).
 49992 | Zot:3    | 49992 ||| INVOKING Heroism.
 50004 | Zot:3    | Received a gift from Okawaru
 50189 | Zot:3    | 50189 ||| Stepping ~*~*~tactically~*~*~ (hiding).
 50248 | Zot:3    | 50248 ||| FLEEEEING.
 50249 | Zot:3    | 50249 ||| FLEEEEING.
 50250 | Zot:3    | 50250 ||| FLEEEEING.
 50252 | Zot:3    | 50252 ||| FLEEEEING.
 50253 | Zot:3    | 50253 ||| FLEEEEING.
 50254 | Zot:3    | 50254 ||| FLEEEEING.
 50256 | Zot:3    | 50256 ||| FLEEEEING.
 50257 | Zot:3    | 50257 ||| FLEEEEING.
 50258 | Zot:3    | 50258 ||| FLEEEEING.
 50259 | Zot:3    | 50259 ||| FLEEEEING.
 50260 | Zot:3    | 50260 ||| FLEEEEING.
 50261 | Zot:3    | 50261 ||| FLEEEEING.
 50262 | Zot:3    | 50262 ||| FLEEEEING.
 50267 | Zot:3    | 50267 ||| FLEEEEING.
 50268 | Zot:3    | 50268 ||| FLEEEEING.
 50270 | Zot:3    | 50270 ||| FLEEEEING.
 50271 | Zot:3    | 50271 ||| FLEEEEING.
 50272 | Zot:3    | 50272 ||| FLEEEEING.
 50273 | Zot:3    | 50273 ||| FLEEEEING.
 50274 | Zot:3    | 50274 ||| FLEEEEING.
 50275 | Zot:3    | 50275 ||| FLEEEEING.
 50473 | Zot:3    | 50473 ||| Stepping ~*~*~tactically~*~*~ (hiding).
 50521 | Zot:3    | 50521 ||| INVOKING Heroism.
 50797 | Zot:3    | 50797 ||| Stepping ~*~*~tactically~*~*~ (stealth).
 50798 | Zot:3    | 50798 ||| Stepping ~*~*~tactically~*~*~ (hiding).
 50800 | Zot:3    | 50800 ||| INVOKING Heroism.
 50806 | Zot:3    | Received a gift from Okawaru
 50807 | Zot:3    | 50807 ||| Stepping ~*~*~tactically~*~*~ (hiding).
 50808 | Zot:3    | 50808 ||| Stepping ~*~*~tactically~*~*~ (hiding).
 50858 | Zot:3    | 50858 ||| Stepping ~*~*~tactically~*~*~ (stealth).
 50865 | Zot:3    | 50865 ||| Stepping ~*~*~tactically~*~*~ (stealth).
 50903 | Zot:3    | 50903 ||| Stepping ~*~*~tactically~*~*~ (hiding).
 50904 | Zot:3    | 50904 ||| INVOKING Heroism.
 50942 | Zot:3    | 50942 ||| Stepping ~*~*~tactically~*~*~ (cloud).
 50958 | Zot:3    | 50958 ||| INVOKING Heroism.
 51171 | Zot:3    | Found a transporter.
 51179 | Zot:3    | Found a transporter.
 51406 | Zot:3    | 51406 ||| UPGRADING to +2 cloak.
 51416 | Zot:3    | 51416 ||| DROPPING +1 cloak.
 51444 | Zot:4    | Reached skill level 25 in Fighting
 51516 | Zot:4    | 51516 ||| Stepping ~*~*~tactically~*~*~ (hiding).
 51592 | Zot:4    | 51592 ||| INVOKING Heroism.
 51620 | Zot:4    | 51620 ||| INVOKING Heroism.
 51630 | Zot:4    | Received a gift from Okawaru
 52059 | Zot:4    | 52059 ||| INVOKING Heroism.
 52099 | Zot:4    | 52099 ||| Stepping ~*~*~tactically~*~*~ (hiding).
 52109 | Zot:4    | 52109 ||| Stepping ~*~*~tactically~*~*~ (hiding).
 52116 | Zot:4    | 52116 ||| INVOKING Heroism.
 52125 | Zot:4    | 52125 ||| Stepping ~*~*~tactically~*~*~ (hiding).
 52131 | Zot:4    | Received a gift from Okawaru
 52152 | Zot:4    | Reached skill level 15 in Throwing
 52381 | Zot:4    | 52381 ||| Stepping ~*~*~tactically~*~*~ (hiding).
 52453 | Zot:4    | 52453 ||| INVOKING Heroism.
 52752 | Zot:4    | 52752 ||| FLEEEEING.
 52753 | Zot:4    | 52753 ||| FLEEEEING.
 52757 | Zot:4    | 52757 ||| FLEEEEING.
 52758 | Zot:4    | 52758 ||| FLEEEEING.
 52759 | Zot:4    | 52759 ||| FLEEEEING.
 52760 | Zot:4    | 52760 ||| STAIRDANCE
 52892 | Zot:4    | 52892 ||| INVOKING Heroism.
 52909 | Zot:4    | 52909 ||| INVOKING Heroism.
 52958 | Zot:4    | 52958 ||| Stepping ~*~*~tactically~*~*~ (hiding).
 53259 | Zot:5    | Entered Level 5 of the Realm of Zot
 53259 | Zot:5    | Found a transporter.
 53260 | Zot:5    | 53260 ||| INVOKING Heroism.
 53345 | Zot:5    | Found a transporter.
 53375 | Zot:5    | 53375 ||| Stepping ~*~*~tactically~*~*~ (hiding).
 53378 | Zot:5    | 53378 ||| INVOKING Heroism.
 53390 | Zot:5    | 53390 ||| Stepping ~*~*~tactically~*~*~ (stealth).
 53391 | Zot:5    | 53391 ||| Stepping ~*~*~tactically~*~*~ (stealth).
 53411 | Zot:5    | Found a transporter.
 53413 | Zot:5    | Found a transporter.
 53447 | Zot:5    | 53447 ||| INVOKING Heroism.
 53453 | Zot:5    | 53453 ||| Stepping ~*~*~tactically~*~*~ (hiding).
 53468 | Zot:5    | 53468 ||| Stepping ~*~*~tactically~*~*~ (hiding).
 53706 | Zot:5    | Found a transporter.
 53709 | Zot:5    | Found a transporter.
 54034 | Zot:5    | Reached XP level 26. HP: 189/189 MP: 30/30
 54046 | Zot:5    | 54046 ||| Stepping ~*~*~tactically~*~*~ (stealth).
 54047 | Zot:5    | 54047 ||| Stepping ~*~*~tactically~*~*~ (stealth).
 54054 | Zot:5    | Reached skill level 26 in Fighting
 54055 | Zot:5    | Received a gift from Okawaru
 54057 | Zot:5    | 54057 ||| INVOKING Heroism.
 54070 | Zot:5    | Found the +4 dragonskin cloak
 54070 | Zot:5    | Noticed Tiamat
 54071 | Zot:5    | 54071 ||| INVOKING Finesse.
 54121 | Zot:5    | Killed Tiamat
 54134 | Zot:5    | Noticed a dread lich
 54135 | Zot:5    | 54135 ||| INVOKING Finesse.
 54144 | Zot:5    | 54144 ||| INVOKING Heroism.
 54151 | Zot:5    | Received a gift from Okawaru
 54162 | Zot:5    | Killed a dread lich
 54218 | Zot:5    | 54218 ||| INVOKING Heroism.
 54348 | Zot:5    | Noticed an ancient lich
 54349 | Zot:5    | 54349 ||| FLEEEEING.
 54350 | Zot:5    | 54350 ||| FLEEEEING.
 54351 | Zot:5    | 54351 ||| Stepping ~*~*~tactically~*~*~ (hiding).
 54352 | Zot:5    | 54352 ||| Stepping ~*~*~tactically~*~*~ (hiding).
 54354 | Zot:5    | 54354 ||| INVOKING Heroism.
 54355 | Zot:5    | 54355 ||| INVOKING Finesse.
 54361 | Zot:5    | Killed an ancient lich
 54496 | Zot:5    | Noticed a dread lich
 54497 | Zot:5    | 54497 ||| INVOKING Heroism.
 54498 | Zot:5    | Noticed a dread lich
 54514 | Zot:5    | Killed a dread lich
 54514 | Zot:5    | Received a gift from Okawaru
 54515 | Zot:5    | 54515 ||| INVOKING Finesse.
 54531 | Zot:5    | Killed a dread lich
 54577 | Zot:5    | Noticed a Killer Klown
 54577 | Zot:5    | Noticed a Killer Klown
 54578 | Zot:5    | 54578 ||| INVOKING Heroism.
 54578 | Zot:5    | Noticed a Killer Klown
 54579 | Zot:5    | Noticed an ancient lich
 54580 | Zot:5    | Noticed an orb of fire
 54581 | Zot:5    | Noticed a Killer Klown
 54587 | Zot:5    | Received a gift from Okawaru
 54590 | Zot:5    | Gained mutation: You are occasionally teleported next to
                  | monsters. [an orb of fire]
 54600 | Zot:5    | 54600 ||| INVOKING Heroism.
 54604 | Zot:5    | Noticed an orb of fire
 54607 | Zot:5    | HP: 44/192 [Orb Guardian (17)]
 54608 | Zot:5    | 54608 ||| DRINKING 9 potions of heal wounds.
 54608 | Zot:5    | Noticed an orb of fire
 54609 | Zot:5    | Killed a Killer Klown
 54610 | Zot:5    | 54610 ||| DRINKING 8 potions of heal wounds.
 54610 | Zot:5    | Killed an ancient lich
 54611 | Zot:5    | 54611 ||| DRINKING 7 potions of heal wounds.
 54611 | Zot:5    | Gained mutation: You are very clumsy. (Dex -4) [an orb of
                  | fire]
 54611 | Zot:5    | Noticed a Killer Klown
 54612 | Zot:5    | 54612 ||| READING 27 scrolls of teleportation.
 54612 | Zot:5    | Noticed a Killer Klown
 54613 | Zot:5    | 54613 ||| DRINKING 6 potions of heal wounds.
 54613 | Zot:5    | Gained mutation: You have hidden genetic defects. [an orb
                  | of fire]
 54615 | Zot:5    | Received a gift from Okawaru
 54615 | Zot:5    | Gained mutation: You are often teleported next to monsters.
                  | [an orb of fire]
 54618 | Zot:5    | Killed a Killer Klown
 54620 | Zot:5    | HP: 44/192 [death cob (14)]
 54620 | Zot:5    | Gained mutation: You sometimes lose your temper in combat.
                  | [an orb of fire]
 54621 | Zot:5    | 54621 ||| DRINKING 5 potions of heal wounds.
 54621 | Zot:5    | Noticed an ancient lich
 54621 | Zot:5    | Gained mutation: You have terrible hidden genetic defects.
                  | [an orb of fire]
 54639 | Zot:5    | 54639 ||| INVOKING Heroism.
 54640 | Zot:5    | 54640 ||| INVOKING Finesse.
 54641 | Zot:5    | Killed a Killer Klown
 54670 | Zot:5    | HP: 41/192 [Killer Klown/+12 vorpal club (16)]
 54671 | Zot:5    | 54671 ||| READING 26 scrolls of teleportation.
 54672 | Zot:5    | 54672 ||| DRINKING 4 potions of heal wounds.
 54675 | Zot:5    | HP: 45/192 [Killer Klown/+12 vorpal club (11)]
 54676 | Zot:5    | 54676 ||| DRINKING 3 potions of heal wounds.
 54677 | Zot:5    | 54677 ||| DRINKING 2 potions of heal wounds.
 54678 | Zot:5    | Killed a Killer Klown
 54682 | Zot:5    | 54682 ||| INVOKING Heroism.
 54686 | Zot:5    | Noticed a dread lich
 54687 | Zot:5    | Received a gift from Okawaru
 54688 | Zot:5    | Reached skill level 27 in Fighting
 54843 | Zot:5    | 54843 ||| INVOKING Heroism.
 54844 | Zot:5    | 54844 ||| INVOKING Finesse.
 54852 | Zot:5    | Killed an orb of fire
 54858 | Zot:5    | Killed an ancient lich
 54861 | Zot:5    | Gained mutation: Your magical capacity is low. (-10% MP)
                  | [an orb of fire]
 54880 | Zot:5    | Killed an orb of fire
 54892 | Zot:5    | Killed a Killer Klown
 54937 | Zot:5    | 54937 ||| INVOKING Heroism.
 54938 | Zot:5    | 54938 ||| INVOKING Finesse.
 54950 | Zot:5    | Killed a dread lich
 54975 | Zot:5    | Gained mutation: You are frail. (-10% HP) [hidden defects]
 54979 | Zot:5    | HP: 41/173 [electric golem (6)]
 54980 | Zot:5    | 54980 ||| READING 25 scrolls of teleportation.
 54981 | Zot:5    | 54981 ||| DRINKING potion of heal wounds.
 54984 | Zot:5    | HP: 24/173 [Orb Guardian (21)]
 54987 | Zot:5    | HP: 4/173 [Orb Guardian (17)]
 54987 | Zot:5    | Slain by an electric golem

Levels and vault maps discovered:
D:1:      kilobyte_arrival_exit_the_forest, layout_loops_ring,
          chequers_ecumenical_altar_simple_redux
D:2:      layout_basic, dreamdust_mushroom_princess, palyth_stone_intersect,
          minmay_bisected
D:3:      layout_loops_cross, mainiacjoe_overflow_24_doors,
          nicolae_hepliaklqana_monster_ancestors, amcnicky_mini_corridor_feature
D:4:      layout_basic
D:5:      kennysheep_kobold_camp, layout_basic, uniq_edmund
D:6:      layout_loops_ring, serial_glass, glass_columns_a, glass_columns_a,
          minmay_chambers_of_fives
D:7:      layout_basic, nicolae_kikubaaqudgha_miasma_corner,
          makhleb_heckhound_becter, minmay_temple_entry_fiery,
          gammafunk_ghost_abyssal_escape
D:8:      layout_basic, minmay_lair_entry_grove, uniq_erica
D:9:      layout_stronghold, gammafunk_ghost_split, serial_shops, shop,
          nicolae_diode_basic, uniq_pikel, uniq_grum
D:10:     layout_long_grid, mainiacjoe_overflow_six_doors_small, david_orc_2,
          serial_shops, shop_fountains, nicolae_lakefront_shop, serial_ice,
          serial_ice_i, serial_ice_h, serial_ice_n, serial_ice_c
D:11:     layout_loops_ring, portal_ice_cave_rime,
          lemuel_zombie_altar_yredelemnul, uniq_fannar, uniq_maurice
D:12:     layout_rooms, serial_shops,
          nicolae_shop_temple_entry_statues_fountains, uniq_jorgrun
D:13:     layout_cave_pools, david_vaults_4, serial_shops,
          nicolae_stop_n_shop_1, grunt_livestock, minmay_orc_keep
D:14:     layout_loops_ring, uniq_nessos
D:15:     gammafunk_enter_depths_forms, layout_long_grid,
          nicolae_trove_entry_crystal, grunt_decor_fettered
Temple:   nicolae_temple_bog_church
Lair:1:   layout_gridlike, wad_woods_06, uniq_gastronok
Lair:2:   layout_hall_layers, minmay_shoals_entry_hut,
          spider_nest_entry_funnel_web, grunt_megastairs_3
Lair:3:   layout_gridlike, ebering_ghost_disaster_area, uniq_snorg,
          uniq_josephine, uniq_nergalle, uniq_amaemon
Lair:4:   layout_gridlike, minmay_slime_entry_oklob_open, special_room
          [special_room_bee], guppyfry_lair_drakes, infiniplex_staircase_pool
Lair:5:   evilmike_catoblepas_cave, layout_cave_pods,
          chequers_serial_rivers_micro_b, chequers_serial_rivers_large_a,
          nicolae_lair_run_with_the_wolves, serial_bayou_shore_b,
          lemuel_fruit_tree
Shoals:1: layout_shoals, serial_shops, nicolae_shop_crystal
Shoals:2: layout_shoals, nzn_prometheus_bound, uniq_ilsuiw
Shoals:3: dreamdust_from_the_deep, layout_shoals
Shoals:4: shoals_end_simple, layout_shoals, ebering_ghost_gozag,
          argonaut_gorgonesque
Spider:1: layout_spider_delve, nicolae_spider_swamp_cousins
Spider:2: layout_spider_delve
Spider:3: layout_spider_delve, uniq_mlioglotl, uniq_arachne
Spider:4: hellmonk_spider_rune_bug_friends, hangedman_spider_tarantella_strand
Orc:1:    layout_caves, nicolae_shop_self_help
Orc:2:    st_orc_town, layout_caves, gauntlet_entry_generic
Vaults:1: nicolae_vaults_network_barrier, nicolae_vaults_theta,
          hangedman_vaults_hard_town_square, v_misc_33, v_misc_4,
          vaults_mumra_chevron, v_misc_24, v_alt_pattern_1, grunt_vaults_twisty,
          hangedman_vaults_maws, hangedman_vaults_cutoff, grunt_vaults_diagonal,
          vaults_room_pools, layout_vaults_omnibox, serial_shops,
          nicolae_shop_stone
Vaults:2: ontoclasm_vaults_bender, hangedman_vaults_capsules,
          vaults_dpeg_diagonal, nicolae_vaults_little_squares_3, v_misc_25,
          v_misc_4, hangedman_vaults_maws, grunt_vaults_trifunnel, v_misc_29,
          vaults_room_pools, vaults_dpeg_hooks, grunt_vaults_hallway_long,
          layout_vaults_omnicross, uniq_zenata, uniq_boris
Vaults:3: mu_enter_wizlab_6, nicolae_vaults_circle_grid_b, v_misc_31,
          hangedman_vaults_stream, grunt_vaults_hallway_short,
          vaults_mumra_hexcomb, nicolae_vaults_ninety_degrees,
          minmay_crypt_entry_simple_statues, hangedman_vaults_restitches,
          hangedman_vaults_stitches, vaults_dpeg_ring, v_alt_pattern_1,
          layout_vaults_maze_bifur
Vaults:4: v_misc_11, ontoclasm_vaults_claustrophobia, v_rooms_6,
          ontoclasm_vaults_decontamination, hangedman_vaults_nails,
          ontoclasm_vaults_misaligned, vaults_mumra_hex, layout_vaults_omnigrid,
          uniq_jory
Vaults:5: serial_shops, uniq_xtahua
Depths:1: layout_honeycomb, nicolae_kite_square_tiling_tiny, serial_shops,
          bzr_firewalk, hellmouth_1, fiery_altar_vehumet
Depths:2: evilmike_cross, layout_gridlike, enter_ziggurat_b,
          grunt_pan_entry_spiral, minmay_misc_feat_alley, abyss_entry,
          hell_entry
Depths:3: dreamdust_tengu_aerie, layout_basic, nrook_pool_corridor, hell_entry,
          abyss_entry, serial_shops, nicolae_shop_hallway_plus,
          minmay_shoptagon, infiniplex_staircase_pool_2
Depths:4: grunt_zot_entry_gee_three, layout_gridlike, abyss_entry,
          grunt_hell_horde, serial_curves, eino_curves_03, eino_curves_01,
          eino_curves_01, eino_curves_03, uniq_parghit
Zot:1:    layout_misc_corridors, uniq_grunn
Zot:2:    kennysheep_six_static_rooms, layout_twisted_circle
Zot:3:    layout_cathedral_of_symmetry, nicolae_transporter_circle
Zot:4:    nicolae_zot_stationary_front, layout_twisted_circle
Zot:5:    layout_basic, serial_nicolae_subway, nicolae_sub_station_stone,
          nicolae_sub_station_metal, nicolae_sub_station_crystal, uniq_tiamat

Skill      XL: |  1  2  3  4  5  6  7  8  9 10 11 12 13 14 15 16 17 18 19 20 21 22 23 24 25 26 |
---------------+-------------------------------------------------------------------------------+-----
Axes           | 2 3 4 5 6 7 8 10 11 12 14 15 17 18 | 18.0
Fighting       | 4 5 6 7 9 11 12 13 15 16 18 19 21 22 23 25 27 | 27.0
Throwing       | 1 2 3 5 8 9 10 11 12 13 15 | 15.9
Dodging        | 1 2 3 4 5 7 8 |  8.0
Armour         | 4 6 7 8 9 10 11 13 14 16 17 18 19 20 21 22 | 22.0
Shields        | 4 5 10 11 12 13 14 15 16 17 18 20 22 | 22.0
Invocations    | 2 4 7 10 11 | 11.6

Action                   |  1- 3 |  4- 6 |  7- 9 | 10-12 | 13-15 | 16-18 | 19-21 | 22-24 | 25-27 || total
-------------------------+-------+-------+-------+-------+-------+-------+-------+-------+-------++-------
Melee: War axe           |   139 |    73 |   169 |   275 |    66 |       |       |       |       ||   722
       Morningstar       |       |       |       |    11 |       |       |       |       |       ||    11
       Broad axe         |       |       |       |       |   657 |  1031 |  1011 |  1289 |  1057 ||  5045
       Demon whip        |       |       |       |       |   115 |       |       |       |       ||   115
Throw: Boomerang         |    19 |    42 |    26 |    61 |    33 |   111 |     1 |       |       ||   293
       Javelin           |       |    10 |    25 |       |       |    82 |   133 |   105 |    52 ||   407
Invok: Heroism           |       |       |     1 |    22 |    34 |    50 |    51 |    49 |    32 ||   239
       Finesse           |       |       |       |     2 |    15 |    15 |    15 |    18 |     8 ||    73
  Use: Scroll            |     7 |     1 |     9 |     6 |     5 |     5 |     8 |     4 |     4 ||    49
       Potion            |     2 |       |     1 |       |       |     3 |       |     5 |    11 ||    22
 Stab: Distracted        |       |       |     1 |     5 |     1 |       |       |       |       ||     7
       Petrifying        |       |       |       |       |     3 |       |       |       |       ||     3
       Petrified         |       |       |       |       |     1 |       |       |       |       ||     1
       Invisible         |       |       |       |       |       |       |     5 |       |       ||     5
       Confused          |       |       |       |       |       |       |     1 |       |     2 ||     3
       Held in net/web   |       |       |       |       |       |       |     1 |       |       ||     1
Armor: Scale mail        |    45 |       |       |       |       |       |       |       |       ||    45
       Plate armour      |    28 |    32 |    87 |   133 |   278 |   502 |   431 |   280 |       ||  1771
       Gold dragon scale |       |       |       |       |       |       |       |   450 |   598 ||  1048
Dodge: Dodged            |    53 |    12 |    51 |    72 |   111 |   228 |   243 |   256 |   238 ||  1264
Block: Buckler           |    32 |     9 |    26 |    20 |       |       |       |       |       ||    87
       Kite shield       |       |       |       |    31 |   496 |   753 |   716 |   360 |       ||  2356
       Reflection        |       |       |       |       |    23 |    34 |    81 |    22 |    20 ||   180
       Tower shield      |       |       |       |       |       |       |       |   642 |   969 ||  1611

Table legend:
 A = Non-vault XP
 B = Vault XP
 C = Vault XP percentage of total XP
 D = Non-vault monster count
 E = Vault monster count
 F = Vault count percentage of total count
                 A         B        C        D         E       F
            +---------+---------+-------+---------+---------+-------
      Total |  667968 |  538405 |  44.6 |    1298 |     736 |  36.2
            +---------+---------+-------+---------+---------+-------
        D:1 |      43 |       0 |   0.0 |      26 |       0 |   0.0
        D:2 |      22 |      11 |  33.3 |      13 |       4 |  23.5
        D:3 |      63 |       3 |   4.5 |      19 |       2 |   9.5
        D:4 |     172 |       0 |   0.0 |      19 |       0 |   0.0
        D:5 |     611 |     286 |  31.9 |      23 |      22 |  48.9
        D:6 |     541 |     601 |  52.6 |      15 |       5 |  25.0
        D:7 |    1441 |      43 |   2.9 |      23 |       1 |   4.2
        D:8 |    2283 |    2575 |  53.0 |      20 |      14 |  41.2
        D:9 |    1415 |    1103 |  43.8 |      22 |       4 |  15.4
       D:10 |    3675 |    1771 |  32.5 |      22 |      18 |  45.0
       D:11 |    2211 |    3012 |  57.7 |       9 |       6 |  40.0
       D:12 |    5947 |    1858 |  23.8 |      21 |       1 |   4.5
       D:13 |    3761 |    4448 |  54.2 |       6 |      17 |  73.9
       D:14 |   11914 |       0 |   0.0 |      24 |       0 |   0.0
       D:15 |   17071 |    6315 |  27.0 |      39 |       8 |  17.0
     Lair:1 |    8664 |    2144 |  19.8 |      34 |       3 |   8.1
     Lair:2 |    3210 |    2235 |  41.0 |      11 |      11 |  50.0
     Lair:3 |    2608 |    4573 |  63.7 |      13 |       9 |  40.9
     Lair:4 |   15208 |    5430 |  26.3 |      49 |      30 |  38.0
     Lair:5 |   21984 |   12789 |  36.8 |      65 |      35 |  35.0
   Shoals:1 |    3685 |       0 |   0.0 |       8 |       0 |   0.0
   Shoals:2 |   13276 |    5536 |  29.4 |      28 |       8 |  22.2
   Shoals:3 |   17144 |    9304 |  35.2 |      31 |       9 |  22.5
   Shoals:4 |   27263 |   20431 |  42.8 |      56 |      36 |  39.1
   Spider:1 |   27243 |    3898 |  12.5 |      70 |      12 |  14.6
   Spider:2 |   10291 |       0 |   0.0 |      25 |       0 |   0.0
   Spider:3 |    8925 |    4007 |  31.0 |      19 |       2 |   9.5
   Spider:4 |   20342 |   22947 |  53.0 |      43 |      37 |  46.2
      Orc:1 |    4061 |       0 |   0.0 |      53 |       0 |   0.0
      Orc:2 |    3768 |    7877 |  67.6 |      24 |      58 |  70.7
   Vaults:1 |   22106 |   24170 |  52.2 |      28 |      36 |  56.2
   Vaults:2 |   21236 |   24109 |  53.2 |      33 |      28 |  45.9
   Vaults:3 |   26579 |   24205 |  47.7 |      40 |      32 |  44.4
   Vaults:4 |   16436 |   48416 |  74.7 |      29 |      54 |  65.1
   Vaults:5 |    7783 |   87393 |  91.8 |       9 |      70 |  88.6
   Depths:1 |   39447 |    2765 |   6.6 |      51 |       4 |   7.3
   Depths:2 |   36289 |   16398 |  31.1 |      45 |      20 |  30.8
   Depths:3 |   33849 |   11433 |  25.2 |      34 |      12 |  26.1
   Depths:4 |   21993 |   30469 |  58.1 |      26 |      27 |  50.9
      Zot:1 |   46186 |       0 |   0.0 |      40 |       0 |   0.0
      Zot:2 |   43811 |   11427 |  20.7 |      39 |       6 |  13.3
      Zot:3 |   48625 |       0 |   0.0 |      40 |       0 |   0.0
      Zot:4 |   38715 |    8222 |  17.5 |      36 |       8 |  18.2
      Zot:5 |   26071 |   96317 |  78.7 |      18 |      43 |  70.5
     WizLab |       0 |   25419 | 100.0 |       0 |      30 | 100.0
   Gauntlet |       0 |    4465 | 100.0 |       0 |      14 | 100.0
            +---------+---------+-------+---------+---------+-------
